 Dungeon Crawl Stone Soup version 0.28-a0-239-g68911e0c57 (webtiles) character file.

Game seed: 11929813691187331319

975679 frimble the Gnoll Arbalest (level 27, -15/237 HPs)
             Began as a Gnoll Wanderer on Aug 24, 2021.
             Was the Champion of Cheibriados.
             Killed by dispel undead
             ... invoked by an infernal black sun
              (63 damage)
             ... on level 21 of a ziggurat.
             The game lasted 02:11:04 (72661 turns).

frimble the Gnoll Arbalest (Gnoll Wanderer)        Turns: 72661, Time: 02:11:05

Health: -15/237    AC: 23    Str: 37    XL:     27
Magic:  50/50      EV: 40    Int: 50    God:    Cheibriados [******]
Gold:   11757      SH: 21    Dex: 31    Spells: 9/72 levels left

rFire   + + .      SeeInvis +   b - +7 Screaming Sword {vorpal, sonic wave}
rCold   + + +      Faith    .   D - +1 kite shield {rN+}
rNeg    + + +      Spirit   .   x - +2 robe of Vines {NoPotionHeal Regen+++}
rPois   ∞          Reflect  .   z - +2 helmet {SInv}
rElec   +          Harm     .   V - +0 cloak "Lisoz" {rN+ rCorr Int+7}
rCorr   +          Rampage  .   P - +2 pair of gloves {archery}
Will    ++++.                   Z - +1 pair of boots of Qitim {*Corrode rElec Str+9 Int+4}
Stlth   +++++++++.              h - amulet of Uror {RegenMP rF+ Dex+3}
HPRegen 3.49/turn               L - ring of the Genius {Int+4 Slay+4}
MPRegen 0.57/turn               u - ring "Wathrudwo" {*Slow rF+ rC+ Will+}

@: lich-form, magic-sapped, corroded, slowed, studying 4 skills, very slow
A: draining attack, torment immunity, no potions, fangs 1, strong nose,
distributed training, iridescent scales 1, cold resistance 1, dopey 1
}: 5/15 runes: barnacled, slimy, silver, golden, gossamer
a: End Transformation, Renounce Religion, Bend Time, Temporal Distortion,
Slouch, Step From Time


You were on level 21 of a ziggurat.
You worshipped Cheibriados.
Cheibriados was exalted by your worship.
You were an undead lich.
You visited 15 branches of the dungeon, and saw 63 of its levels.
You visited 1 ziggurat, and saw 21 of its levels.
You also visited: Trove, Ossuary, Gauntlet, Ice Cave, Volcano and Desolation.

You collected 15558 gold pieces.
You spent 3801 gold pieces at shops.

Inventory:

Hand Weapons
 b - the +7 Screaming Sword (weapon) {vorpal, sonic wave}
   (You found it on level 8 of the Dungeon)

   It inflicts extra damage upon your enemies.
   It radiates damaging sonic waves as it strikes, especially in combat
   involving dangerous or numerous foes.
 R - a +9 quick blade of electrocution
Missiles
 s - 26 throwing nets
 W - 70 silver javelins (quivered)
Armour
 m - a +2 helmet of intelligence
 p - the +8 orange crystal plate armour {Archmagi, Int+3 Clar}
   (You found it on level 5 of the Pits of Slime)

   Int:       It affects your intelligence (+3).
   Clar:      It protects you against confusion.
 x - the +2 robe of Vines (worn) {NoPotionHeal Regen+++}
   (You found it on level 3 of the Elven Halls)

   Its wearer cannot be healed by potions.
   Regen:     It increases your rate of health regeneration.
 z - a +2 helmet of see invisible (worn)
 D - a +1 kite shield of positive energy (worn)
 I - a +0 tower shield of cold resistance
 P - a +2 pair of gloves of archery (worn)
 V - the +0 cloak "Lisoz" (worn) {rN+ rCorr Int+7}
   (You found it on level 6 of the Lair of Beasts)

   Int:       It affects your intelligence (+7).
   rN:        It protects you from negative energy.
   rCorr:     It protects you from acid and corrosion.
 Z - the +1 pair of boots of Qitim (worn) {*Corrode rElec Str+9 Int+4}
   (You found it in a Gauntlet)

   Str:       It affects your strength (+9).
   Int:       It affects your intelligence (+4).
   rElec:     It insulates you from electricity.
   *Corrode:  It may corrode you when you take damage.
Jewellery
 h - the amulet of Uror (around neck) {RegenMP rF+ Dex+3}
   (You found it in the Desolation of Salt)

   [amulet of magic regeneration]

   It increases your rate of magic regeneration.
   Dex:       It affects your dexterity (+3).
   rF:        It protects you from fire.
 u - the ring "Wathrudwo" (right hand) {*Slow rF+ rC+ Will+}
   (You found it in the Desolation of Salt)

   [ring of protection from cold]

   rF:        It protects you from fire.
   rC:        It protects you from cold.
   *Slow:     It may slow you when you take damage.
   Will:      It increases your willpower.
 v - the ring of Zuoreuta {rPois rCorr Str+6 Int+6}
   (You found it in a treasure trove)

   [ring of strength]

   Str:       It affects your strength (+6).
   Int:       It affects your intelligence (+6).
   rPois:     It protects you from poison.
   rCorr:     It protects you from acid and corrosion.
 B - the ring of Qieck {Will+ rCorr Int-5 Dex+4}
   (You found it on level 20 of a ziggurat)

   [ring of resist corrosion]

   Int:       It affects your intelligence (-5).
   Dex:       It affects your dexterity (+4).
   rCorr:     It protects you from acid and corrosion.
   Will:      It increases your willpower.
 L - the ring of the Genius (left hand) {Int+4 Slay+4}
   (You found it on level 3 of the Elven Halls)

   [ring of slaying]

   Int:       It affects your intelligence (+4).
   Slay:      It affects your accuracy & damage with ranged weapons and melee
   (+4).
 Q - the amulet "Epyphaon" {Reflect Will++ Regen+ Dex-2 Slay-5 SH+5}
   (You found it on level 20 of a ziggurat)

   [amulet of reflection]

   It reflects blocked missile attacks.
   Dex:       It affects your dexterity (-2).
   Slay:      It affects your accuracy & damage with ranged weapons and melee
   (-5).
   Regen:     It increases your rate of health regeneration.
   SH:        It affects your SH (+5).
   Will:      It greatly increases your willpower.
Wands
 F - a wand of acid (56)
 X - a wand of iceblast (43)
Scrolls
 d - 32 scrolls of teleportation
 f - 17 scrolls of blinking
 i - 2 scrolls of summoning
 k - a scroll of torment
 n - 4 scrolls of enchant weapon
 q - 6 scrolls of holy word
 t - 15 scrolls of enchant armour
 y - 58 scrolls of identify
 A - 10 scrolls of amnesia
 C - 14 scrolls of fog
 J - 10 scrolls of fear
 S - 9 scrolls of silence
 T - 7 scrolls of immolation
 U - 5 scrolls of magic mapping
Potions
 a - a potion of invisibility
 c - 24 potions of curing
 e - 8 potions of brilliance
 g - 11 potions of might
 j - 3 potions of cancellation
 l - 14 potions of heal wounds
 o - 7 potions of lignification
 r - 7 potions of flight
 w - 18 potions of attraction
 G - 6 potions of resistance
 K - 10 potions of ambrosia
 M - 10 potions of mutation
 N - 4 potions of magic
Miscellaneous
 E - a condenser vane
 H - a tin of tremorstones (2/2)
 Y - a figurine of a ziggurat


   Skills:
 + Level 23.9 Fighting
 + Level 23.1 Short Blades
 + Level 23.1 Long Blades
 + Level 26.4 Axes
 + Level 23.1 Maces & Flails
 + Level 23.1 Polearms
 + Level 23.1 Staves
 + Level 25.9 Slings
 + Level 23.1 Bows
 O Level 27 Crossbows
 + Level 23.1 Throwing
 + Level 23.6 Armour
 + Level 23.1 Dodging
 + Level 23.1 Stealth
 + Level 23.1 Shields
 + Level 23.2 Unarmed Combat
 + Level 23.1 Spellcasting
 + Level 20.1 Conjurations
 + Level 20.4 Hexes
 + Level 20.1 Summonings
 + Level 23.7 Necromancy
 + Level 20.1 Translocations
 + Level 20.1 Transmutations
 + Level 20.1 Fire Magic
 + Level 20.1 Ice Magic
 + Level 20.1 Air Magic
 + Level 20.1 Earth Magic
 + Level 20.1 Poison Magic
 + Level 24.7 Invocations
 + Level 23.1 Evocations


You had 9 spell levels left.
You knew the following spells:

 Your Spells              Type           Power      Damage    Failure   Level
a - Necromutation         Tmut/Necr      80%        N/A       1%          8
b - Blink                 Tloc           N/A        N/A       0%          2
c - Apportation           Tloc           100%       N/A       0%          1
d - Statue Form           Tmut/Erth      87%        N/A       0%          6
e - Infestation           Necr           82%        N/A       1%          8
f - Passage of Golubria   Tloc           N/A        N/A       0%          4
g - Polar Vortex          Ice            65%        N/A       6%          9
h - Maxwell's Capacitive  Air            65%        ∞         1%          8
i - Shatter               Erth           65%        3d48*     6%          9
j - Ignition              Fire           65%        3d17      1%          8

Your spell library contained the following spells:

 Spells                   Type           Power      Damage    Failure   Level
 Animate Skeleton         Necr           100%       N/A       0%          1
 Beastly Appendage        Tmut           100%       N/A       0%          1
 Corona                   Hex            100%       N/A       0%          1
 Freeze                   Ice            100%       1d11      0%          1
 Magic Dart               Conj           100%       1d8       0%          1
 Sandblast                Erth           100%       2d20      0%          1
 Shock                    Conj/Air       100%       1d9       0%          1
 Sting                    Tmut/Pois      100%       1d8       0%          1
 Summon Small Mammal      Summ           100%       N/A       0%          1
 Corpse Rot               Necr/Air       N/A        N/A       0%          2
 Ensorcelled Hibernation  Hex/Ice        100%       N/A       0%          2
 Passwall                 Tmut/Erth      100%       N/A       0%          2
 Poisonous Vapours        Pois/Air       100%       N/A       0%          2
 Searing Ray              Conj           100%       3d7       0%          2
 Slow                     Hex            100%       N/A       0%          2
 Static Discharge         Conj/Air       100%       N/A       0%          2
 Sublimation of Blood     Necr           82%        N/A       0%          2
 Wereblood                Tmut           100%       N/A       0%          2
 Call Canine Familiar     Summ           100%       N/A       0%          3
 Confusing Touch          Hex            100%       N/A       0%          3
 Conjure Flame            Conj/Fire      100%       6-21      0%          3
 Dazzling Flash           Conj/Hex       100%       N/A       0%          3
 Frozen Ramparts          Ice            100%       1d12      0%          3
 Gell's Gravitas          Tloc           65%        N/A       0%          3
 Ignite Poison            Fire/Tmut/Pois 100%       N/A       0%          3
 Inner Flame              Hex/Fire       100%       N/A       0%          3
 Lesser Beckoning         Tloc           65%        N/A       0%          3
 Portal Projectile        Hex/Tloc       100%       N/A       0%          3
 Spider Form              Tmut/Pois      65%        N/A       0%          3
 Stone Arrow              Conj/Erth      100%       3d13      0%          3
 Summon Guardian Golem    Hex/Summ       100%       N/A       0%          3
 Swiftness                Air            100%       N/A       0%          3
 Teleport Other           Tloc           100%       N/A       0%          3
 Airstrike                Air            65%        N/A       0%          4
 Animate Armour           Summ/Erth      100%       N/A       0%          4
 Animate Dead             Necr           82%        N/A       0%          4
 Cause Fear               Hex            66%        N/A       0%          4
 Dispel Undead            Necr           100%       3d31      0%          4
 Fulminant Prism          Conj/Hex       65%        3d28      0%          4
 Hailstorm                Conj/Ice       100%       3d20      0%          4
 Ice Form                 Ice/Tmut       100%       N/A       0%          4
 Iskenderun's Mystic Bla  Conj/Tloc      100%       2d19      0%          4
 Leda's Liquefaction      Hex/Erth       65%        N/A       0%          4
 Olgreb's Toxic Radiance  Pois           100%       N/A       0%          4
 Petrify                  Tmut/Erth      100%       N/A       0%          4
 Sticky Flame             Conj/Fire      100%       2d11      0%          4
 Summon Ice Beast         Ice/Summ       100%       N/A       0%          4
 Summon Lightning Spire   Summ/Air       100%       N/A       0%          4
 Agony                    Necr           100%       N/A       0%          5
 Alistair's Intoxication  Tmut/Pois      87%        N/A       0%          5
 Blade Hands              Tmut           65%        N/A       0%          5
 Bolt of Magma            Conj/Fire/Erth 65%        4d25      0%          5
 Borgnjor's Vile Clutch   Necr/Erth      80%        N/A       0%          5
 Excruciating Wounds      Necr           82%        N/A       0%          5
 Fireball                 Conj/Fire      65%        3d25      0%          5
 Freezing Cloud           Conj/Ice/Air   65%        6-21      0%          5
 Irradiate                Conj/Tmut      65%        3d35      0%          5
 Iskenderun's Battlesphe  Conj           100%       2d15      0%          5
 Lee's Rapid Deconstruct  Erth           65%        3d31*     0%          5
 Lightning Bolt           Conj/Air       65%        1d89      0%          5
 Manifold Assault         Tloc           100%       N/A       0%          5
 Metabolic Englaciation   Hex/Ice        65%        N/A       0%          5
 Silence                  Hex/Air        65%        N/A       0%          5
 Summon Forest            Summ/Tloc      65%        N/A       0%          5
 Summon Mana Viper        Hex/Summ       100%       N/A       0%          5
 Yara's Violent Unravell  Hex/Tmut       65%        3d24      0%          5
 Conjure Ball Lightning   Conj/Air       65%        3x3d23    0%          6
 Death Channel            Necr           82%        N/A       0%          6
 Dispersal                Tloc           65%        N/A       0%          6
 Eringya's Noxious Bog    Tmut/Pois      65%        N/A       0%          6
 Invisibility             Hex            66%        N/A       0%          6
 Iron Shot                Conj/Erth      65%        9d12      0%          6
 Shadow Creatures         Summ           N/A        N/A       0%          6
 Simulacrum               Ice/Necr       80%        N/A       0%          6
 Starburst                Conj/Fire      65%        6d17      0%          6
 Dragon Form              Tmut           65%        N/A       1%          7
 Haunt                    Necr/Summ      80%        N/A       1%          7
 Malign Gateway           Summ/Tloc      65%        N/A       1%          7
 Monstrous Menagerie      Summ           65%        N/A       1%          7
 Ozocubu's Refrigeration  Ice            65%        4d18      1%          7
 Spellforged Servitor     Conj/Summ      65%        N/A       1%          7
 Storm Form               Tmut/Air       65%        N/A       1%          7
 Summon Hydra             Summ           65%        N/A       1%          7
 Discord                  Hex            66%        N/A       1%          8
 Disjunction              Tloc           65%        N/A       1%          8
 Lehudib's Crystal Spear  Conj/Erth      65%        10d15     1%          8
 Summon Horrible Things   Summ           65%        N/A       1%          8
 Chain Lightning          Conj/Air       65%        3d87      6%          9
 Dragon's Call            Summ           65%        N/A       6%          9
 Fire Storm               Conj/Fire      65%        8d17      6%          9


Dungeon Overview and Level Annotations

Branches:
Dungeon (15/15)            Temple (1/1) D:7            Lair (6/6) D:11
 Shoals (4/4) Lair:3       Spider (4/4) Lair:2        Slime (5/5) Lair:5
    Orc (2/2) D:11            Elf (3/3) Orc:2        Vaults (5/5) D:14
  Crypt (3/3) Vaults:3       Tomb (3/3) Crypt:3      Depths (5/5) D:15
   Hell (visited)             Dis (1/7) Hell            Geh (0/7) Hell
    Coc (0/7) Hell            Tar (0/7) Hell            Zot (5/5) Depths:5
Ossuary (visited)           IceCv (visited)         Volcano (visited)
Desolation (visited)      Gauntlet (visited)

Altars:
Ashenzari
Cheibriados
Dithmenos
Elyvilon
Fedhas
Gozag
Hepliaklqana
Kikubaaqudgha
Makhleb
Nemelex Xobeh
Okawaru
Qazlal
Ru
Sif Muna
Trog
Uskayaw
Vehumet
Wu Jian
Xom
Yredelemnul
Zin
The Shining One
Beogh
Jiyva
Lugonu

Shops:
D:6 *[   Orc:2 =**=   Elf:1 *[*(   Elf:3 (   Vaults:5 ??==!!

Portals:
Hell: Depths:1 Depths:2 Depths:3 Depths:4 Depths:5
Abyss: Lair:6 Depths:3 Depths:4
Pandemonium: Depths:1 Depths:3 Depths:4

Annotations:
D:10 1 runed translucent door
Zig:21 exclusion: lightning spire


Innate Abilities, Weirdness & Mutations

You are an undead lich.
Your unarmed attacks are suffused with negative energy.
You are immune to unholy pain and torment.
Your necromantic spells are more powerful.
You are immune to poison.
You cannot drink.
You have very sharp teeth.
Your uncanny sense of smell can sniff out nearby items.
Your experience applies equally to all skills.
You are partially covered in iridescent scales. (AC +2)
Your flesh is cold resistant. (rC+)
You are dopey. (Int -2)


Message History

Your magic feels tainted.
The hellion gestures at you.
The sphere of damnation explodes!
The damnation engulfs you!!
The monstrous warmonger calls upon its god to speed up the gelid warmonger.
The gelid warmonger seems to speed up.
The infernal black sun mumbles some strange prayers to Kikubaaqudgha.
The blizzard demon begins absorbing vital energies!
The green death begins absorbing vital energies!
The Hell Sentinel begins absorbing vital energies!
The infernal blood saint begins absorbing vital energies!
The infernal black sun begins absorbing vital energies!
The Ice Fiend begins absorbing vital energies!
The torturous warmonger begins absorbing vital energies!
The hellion begins absorbing vital energies!
The orange demon begins absorbing vital energies!
The monstrous corrupter begins absorbing vital energies!
The hell beast begins absorbing vital energies!
The shadow demon begins absorbing vital energies!
The torturous blood saint begins absorbing vital energies!
The Executioner begins absorbing vital energies!
The monstrous corrupter begins absorbing vital energies!
The monstrous warmonger begins absorbing vital energies!
The green death begins absorbing vital energies!
The gelid warmonger begins absorbing vital energies!
The monstrous corrupter calls forth creatures from the Crypt!
The shadow demon gestures.
The torturous warmonger calls upon its god to speed up the infernal blood saint.
The infernal blood saint seems to speed up.
The Hell Sentinel gestures at you.
The sphere of damnation explodes!
The damnation engulfs you!!!
The monstrous corrupter calls forth creatures from the Shoals!
The hellion gestures at you.
The sphere of damnation explodes!
The damnation engulfs you!!
* * * LOW HITPOINT WARNING * * *
The Executioner gestures.
The Executioner seems to speed up.
The monstrous corrupter calls forth creatures from the Shoals!
The infernal black sun calls down the wrath of Kikubaaqudgha upon you.
You convulse!
You die...

........▓▓▓
8..3......▓
...2......▓▓
&2#..6.....▓▓
..222..4....▓
1..&661.}::|▓
.426.6t.:=:?▓
.226.2..:=∩}▓▓
...6.6..=6L|=▓
.6.461.W2[∩:▓▓
.4..Lt..=):}▓
....1....}?}▓
.....26.....▓
........▓▓
.......▓▓
.......


You could see Toydivie (strong, black mark), 2 alligator snapping turtles, a
Hell Sentinel (fast, black mark), an Ice Fiend (strong, black mark), 3
demonspawn, a hell beast (black mark), a revenant (summoned), a lorocyproca
(agile, black mark, invisible), 2 green deaths, 2 demonspawn, an infernal black
sun (fast, black mark), an Executioner (fast, black mark), a blizzard demon
(strong, black mark), 4 demonspawn, a flayed ghost (summoned), a gelid
demonspawn (summoned, icemail), an orange demon (black mark), a rust devil
(agile, black mark), a smoke demon and a hellion (strong, black mark).

Vanquished Creatures
  the Royal Jelly (Slime:5)
  5 dread liches
  10 orbs of fire
  5 ancient liches
  Khufu (Tomb:1)
  The ghost of Extudin the Slayer, a master OgTm of Okawaru (Zot:1)
  Mara (Elf:3)
  Mennas (Vaults:4)
  5 juggernauts (Zig:20)
  39 royal mummies
  Boris (twice) (Tomb:2 Tomb:3)
  The ghost of Joetwoph the Wrestler, a veteran OgTm of Ashenzari (Vaults:3)
  5 Killer Klowns
  3 curse toes
  25 golden dragons
  Geryon (Hell)
  Saint Roka (Vaults:3)
  The ghost of Ukiefoc the Devastator, an adept DrFE of Vehumet (Vaults:3)
  A profane servitor (Zig:5)
  Nikola (Vaults:3)
  4 electric golems
  Arachne (Spider:2)
  A Brimstone Fiend (Tomb:2)
  33 tentacled monstrosities
  The ghost of Xafer the Impaler, an adept DsGl of Okawaru (Vaults:3)
  A shard shrike skeleton (Crypt:3)
  3 deep elf blademasters
  25 Orb Guardians (Zot:5)
  6 liches
  6 quicksilver dragons
  4 Executioners
  A quicksilver dragon (shapeshifter) (Vaults:2)
  14 ancient champions
  7 deep elf master archers
  Murray (Hell)
  23 acid blobs
  8 death cobs
  18 sphinxes
  11 titans
  Polyphemus (Shoals:2)
  A kraken (Shoals:3)
  Roxanne (Spider:4)
  10 tengu reavers
  13 shadow dragons
  A thorn hunter (Zig:14)
  Kirke (D:12)
  16 storm dragons
  12 azure jellies
  10 draconian monks
  2 fenstrider witches
  2 nagarajas (Vaults:1)
  6 revenants
  9 draconian scorchers
  A frost giant (shapeshifter) (Depths:1)
  16 fire giants
  16 frost giants
  24 vault wardens
  17 rockslimes
  9 deep elf sorcerers
  15 draconian knights
  6 ghost moths
  An iron dragon (Vaults:4)
  3 imperial myrmidons (Desolation)
  A caustic shrike zombie (Hell)
  9 emperor scorpions
  9 orc warlords
  15 draconian shifters
  3 curse skulls
  15 ghouls
  6 balrugs
  17 very ugly things
  12 draconian stormcallers
  2 caustic shrike skeletons
  A stone giant (shapeshifter) (Depths:1)
  A deep elf elementalist (Elf:3)
  4 war gargoyles
  37 stone giants
  A juggernaut skeleton (Crypt:3)
  4 spriggan defenders
  13 quicksilver oozes
  8 draconian annihilators
  5 reapers
  26 ironbound preservers
  10 deep elf demonologists
  8 bennus
  A black sun (Zig:6)
  2 halazid warlocks (Desolation)
  8 vampire knights
  23 green draconians
  4 dire elephants
  10 deep elf annihilators
  A lorocyproca (Zig:21)
  16 white draconians
  2 minotaurs
  21 black draconians
  13 red draconians
  A spark wasp (shapeshifter) (Vaults:5)
  4 bunyips
  11 entropy weavers
  An entropy weaver (shapeshifter) (Vaults:1)
  16 spark wasps
  14 yellow draconians
  15 purple draconians
  An eleionoma (Zig:11)
  6 merfolk javelineers
  5 eidola
  4 jiangshi (Crypt:3)
  16 deep elf death magi
  The ghost of Jikhug the Destroyer, a journeyman TeCj of Vehumet (Lair:6)
  A spectral quicksilver dragon (Zot:1)
  4 green deaths
  21 ettins
  Josephine (Orc:1)
  5 ragged hierophants (Desolation)
  A crystal guardian (Desolation)
  35 mummy priests
  14 fire dragons
  17 great orbs of eyes
  10 merfolk impalers
  10 ice dragons
  2 shambling mangroves (Zig:11)
  29 yaktaur captains
  6 servants of whispers (Desolation)
  7 deep elf high priests
  2 rakshasas
  11 ironbound thunderhulks
  36 vault guards
  6 ironbound frosthearts
  A spectral shadow dragon (Zot:1)
  3 ghost crabs (Zig:6)
  9 peacekeepers (Desolation)
  13 hydras
  4 catoblepae
  8 boulder beetles
  Erolcha (D:11)
  8 ogre magi
  9 spriggan air magi
  A fenstrider witch zombie (Crypt:3)
  26 two-headed ogres
  2 merfolk avatars
  16 centaur warriors
  Erica (Orc:1)
  An alligator (Zig:11)
  2 spectral draconians (Zot:1)
  2 alligator snapping turtles
  10 death yaks
  12 deep troll shamans
  6 merfolk aquamancers
  10 tengu warriors
  3 death knights
  30 dancing weapons
  37 death scarabs
  5 satyrs
  10 ironbound beastmasters
  11 sun demons
  11 orc high priests
  8 deep troll earth magi
  4 vampire magi
  5 naga sharpshooters
  11 hell hogs
  10 hell knights
  A spectral storm dragon (Zot:1)
  3 thrashing horrors (Lair:6)
  5 spriggan berserkers
  13 soul eaters
  22 deep elf knights
  3 fire crabs (Zig:13)
  4 salamander mystics
  56 skeletal warriors
  2 shadow wraiths
  A titan skeleton (Hell)
  A spectral purple draconian (Zot:1)
  2 goliath frogs (Zig:14)
  A spark wasp zombie (Hell)
  12 iron trolls
  8 flayed ghosts
  A ghost moth zombie (Tomb:1)
  11 deep elf archers
  A storm dragon skeleton (Zig:17)
  3 spriggan druids
  An anaconda zombie (Tomb:1)
  2 death drakes (Zig:14)
  4 glowing orange brains
  6 bog bodies
  9 sea snakes
  3 golden dragon zombies
  7 swamp dragons
  13 lindwurms
  13 phantasmal warriors
  73 deep trolls
  A sphinx zombie (Hell)
  5 orange crystal statues
  23 ironbound convokers
  2 shadow dragon zombies
  A wolf spider zombie (Crypt:1)
  17 orc knights
  9 necromancers
  10 wizards
  19 harpies
  43 deep elf zephyrmancers
  An iron dragon zombie (Tomb:1)
  13 orc sorcerers
  A glowing shapeshifter (Depths:1)
  14 orb spiders
  37 deep elf pyromancers
  A fire giant zombie (Hell)
  11 shining eyes
  36 ugly things
  A stone giant zombie (Hell)
  40 wolf spiders
  16 oklob plants
  16 manticores
  A shadow dragon skeleton (Crypt:1)
  3 will-o-the-wisps (Zig:14)
  14 salamanders
  14 fauns
  A cyclops (shapeshifter) (Zig:19)
  A frost giant zombie (Hell)
  25 moths of wrath
  6 cyclopes
  8 merfolk sirens
  2 rust devils
  6 elephants
  18 vault sentinels
  4 water nymphs
  A frost giant skeleton (Crypt:3)
  4 guardian serpents (Desolation)
  2 iron dragon skeletons
  5 black mambas
  3 ice statues
  2 eyes of devastation
  2 stone giant skeletons
  A dire elephant zombie (Tomb:1)
  12 smoke demons
  An eye of devastation (shapeshifter) (Vaults:4)
  A molten gargoyle (Desolation)
  A black mamba (shapeshifter) (Lair:6)
  An orange demon (Gauntlet)
  8 storm dragon simulacra
  8 torpor snails
  2 gargoyles
  A hellion (Dis:1)
  A shock serpent skeleton (Tomb:3)
  Maggie (D:9)
  2 spriggan skeletons (Depths:2)
  3 spriggan zombies
  12 cane toads
  An ice devil (Hell)
  3 kobold demonologists
  4 rime drakes
  11 freezing wraiths
  An alligator snapping turtle zombie (Crypt:1)
  10 komodo dragons
  4 sea snake zombies
  5 tengu conjurers
  9 demonic crawlers
  3 efreet
  A komodo dragon (shapeshifter) (Zig:19)
  A pale draconian skeleton (Crypt:1)
  26 yaktaurs
  8 golden dragon simulacra
  70 guardian mummies
  A troll (shapeshifter) (Vaults:5)
  30 merfolk
  An ancient zyme (Lair:6)
  3 red devils
  A jumping spider (shapeshifter) (D:10)
  28 jumping spiders
  8 trolls
  2 tyrant leeches (Zig:14)
  Grinder (D:5)
  A harpy skeleton (D:14)
  2 hydra zombies
  A wolf spider simulacrum (Tomb:2)
  3 spectral moths of wrath (Zot:1)
  A polar bear (Lair:6)
  26 blink frogs
  2 alligator zombies
  2 wind drakes (shapeshifter)
  A deep troll zombie (Hell)
  An elf zombie (Hell)
  A slime creature (shapeshifter) (Lair:6)
  17 snapping turtles
  14 hornets
  10 wind drakes
  69 slime creatures
  3 fire dragon zombies (Hell)
  A dream sheep (shapeshifter) (Zig:19)
  6 dream sheep (Lair:4)
  2 draconian simulacra (Zot:1)
  47 saltlings (Desolation)
  2 meliai zombies
  A large abomination (Lair:6)
  28 flying skulls
  4 air elementals
  An ettin zombie (Tomb:1)
  3 vampires
  2 spriggans
  An ice dragon skeleton (Tomb:3)
  A black mamba zombie (Hell)
  51 redbacks
  26 water elementals
  2 ettin skeletons
  2 fire dragon skeletons (Crypt:3)
  2 yaks (shapeshifter)
  A tarantella (shapeshifter) (D:13)
  5 wyverns
  11 basilisks
  7 wraiths
  27 tarantellas
  2 shadows
  5 chaos spawn
  47 yaks
  18 ushabtiu
  6 hogs (D:12)
  A human (shapeshifter) (Zig:19)
  A neqoxec (Gauntlet)
  5 fire bats (Volcano)
  6 fire elementals
  6 golden eyes
  16 vampire mosquitoes
  A black draconian simulacrum (Zot:1)
  An elf skeleton (Zig:17)
  2 acid dragons
  A merfolk zombie (Dis:1)
  A hydra simulacrum (Hell)
  8 wargs
  6 hell hounds
  18 water moccasins
  A gnoll shaman (D:5)
  A snapping turtle zombie (Crypt:1)
  A gelid demonspawn skeleton (Crypt:1)
  2 floating eyes
  7 swamp drakes
  3 ice dragon simulacra (IceCv)
  62 orc warriors
  An elephant zombie (Lair:4)
  2 black bears
  3 ice beasts
  A sky beast (D:5)
  A boggart (Vaults:3)
  29 ogres
  A swamp dragon zombie (Hell)
  7 necrophages
  20 centaurs
  A hog zombie (Crypt:1)
  15 wolves
  3 kobold brigands
  11 small abominations (Lair:6)
  A komodo dragon zombie (Lair:4)
  12 bullfrogs
  A yaktaur skeleton (Crypt:1)
  6 gnoll sergeants
  A water moccasin zombie (D:5)
  15 scorpions
  5 lindwurm simulacra (IceCv)
  A raiju zombie (Crypt:3)
  A shapeshifter zombie (Crypt:3)
  3 killer bees (D:10)
  7 wights
  A troll skeleton (Crypt:1)
  A howler monkey (D:9)
  17 electric eels
  A bullfrog zombie (D:6)
  A wyvern simulacrum (D:7)
  5 centaur zombies
  3 human zombies
  3 jellies
  6 lava snakes (Volcano)
  A basilisk zombie (Lair:4)
  34 orc priests
  3 hounds
  4 centaur skeletons
  A bullfrog skeleton (D:5)
  Ijyb (D:5)
  2 iguanas
  29 orc wizards
  7 hell rats (Lair:6)
  2 lightning spires (Zig:21)
  A killer bee zombie (D:6)
  2 dwarf skeletons
  77 mummies
  5 howler monkey zombies
  20 gnolls
  A steam dragon zombie (Crypt:3)
  8 adders
  A howler monkey skeleton (D:7)
  A steam dragon skeleton (Crypt:2)
  An adder skeleton (D:5)
  4 worms
  2 dart slugs
  108 orcs
  12 bats
  6 endoplasms
  7 giant cockroaches
  3 goblins
  7 hobgoblins
  8 jackals
  24 kobolds
  6 quokkas
  4 ball pythons
  4 frilled lizards
  A gnoll skeleton (Crypt:3)
  2 goblin zombies (Ossuary)
  12 hobgoblin zombies (Ossuary)
  2 jackal zombies (Ossuary)
  A kobold skeleton (Crypt:2)
  11 kobold zombies
  5 orc zombies (Ossuary)
  A quokka skeleton (Crypt:1)
  5 rats
  3 rat zombies (Ossuary)
  14 briar patches (Zig:14)
  A bush (D:11)
  A butterfly (Lair:6)
  A fire vortex (Depths:1)
  11 pillars of salt (Elf:1)
  A plant (Zig:17)
  2 tentacles (Shoals:3)
3660 creatures vanquished.

Vanquished Creatures (collateral kills)
  A deep elf annihilator (Elf:3)
  2 yaks (Lair:4)
  A centaur (D:7)
  A kobold brigand (D:7)
  A scorpion (D:7)
  A killer bee (D:7)
  2 wights (D:7)
  An orc wizard (D:7)
  3 gnolls (D:5)
13 creatures vanquished.

Vanquished Creatures (others)
  A tentacled monstrosity (Vaults:5)
  A fire giant (Zig:19)
  A frost giant (Depths:5)
  2 spark wasps (Depths:4)
  A blizzard demon (Hell)
  Fannar (D:11)
  A merfolk aquamancer (Shoals:4)
  A two-headed ogre (Zot:4)
  A sixfirhy (Zig:21)
  An ironbound convoker (Vaults:5)
  A deep elf zephyrmancer (Elf:1)
  2 salamanders (Volcano)
  A tengu conjurer (D:8)
  A spectral moth of wrath (Zot:1)
  A basilisk (D:15)
  A swamp drake (Depths:4)
  2 ice beasts
  An orc warrior (Vaults:5)
  2 orcs
  A briar patch (Zig:14)
  2 bushes
  29 demonic plants (Gauntlet)
  12 foxfires (Zig:14)
  79 fungi
  A pillar of salt (Elf:1)
  313 plants
  3 tentacles (Shoals:3)
463 creatures vanquished.

Grand Total: 4136 creatures vanquished

Notes
Turn   | Place    | Note
-------+----------+-------------------------------------------
     0 | D:1      | frimble the Gnoll Wanderer began the quest for the Orb.
     0 | D:1      | frimble set off with the following items: a +2 falchion, a
                  | potion of lignification, a potion of curing, a +0 robe
     0 | D:1      | Reached XP level 1. HP: 26/26 MP: 1/1
    89 | D:1      | Reached XP level 2. HP: 32/33 MP: 2/2
   346 | D:1      | Reached XP level 3. HP: 37/38 MP: 3/3
   669 | D:2      | Reached skill level 1 in Invocations
   723 | D:2      | Noticed an ogre
  1020 | D:2      | Reached skill level 1 in Short Blades
  1020 | D:2      | Reached skill level 1 in Axes
  1020 | D:2      | Reached skill level 1 in Maces & Flails
  1020 | D:2      | Reached skill level 1 in Polearms
  1020 | D:2      | Reached skill level 1 in Staves
  1020 | D:2      | Reached skill level 1 in Slings
  1020 | D:2      | Reached skill level 1 in Bows
  1020 | D:2      | Reached skill level 1 in Crossbows
  1020 | D:2      | Reached skill level 1 in Dodging
  1020 | D:2      | Reached skill level 1 in Shields
  1020 | D:2      | Reached skill level 1 in Unarmed Combat
  1020 | D:2      | Reached skill level 1 in Spellcasting
  1020 | D:2      | Reached skill level 1 in Evocations
  1129 | D:3      | Reached XP level 4. HP: 22/45 MP: 5/5
  1355 | D:2      | HP: 1/45 [orc priest/nerve-wracking pain (13)]
  1358 | D:2      | Reached skill level 1 in Conjurations
  1358 | D:2      | Reached skill level 1 in Hexes
  1358 | D:2      | Reached skill level 1 in Summonings
  1358 | D:2      | Reached skill level 1 in Necromancy
  1358 | D:2      | Reached skill level 1 in Translocations
  1358 | D:2      | Reached skill level 1 in Transmutations
  1358 | D:2      | Reached skill level 1 in Fire Magic
  1358 | D:2      | Reached skill level 1 in Ice Magic
  1358 | D:2      | Reached skill level 1 in Air Magic
  1358 | D:2      | Reached skill level 1 in Earth Magic
  1358 | D:2      | Reached skill level 1 in Poison Magic
  2167 | D:3      | Reached XP level 5. HP: 49/51 MP: 6/6
  2295 | D:3      | Found a faded altar of an unknown god.
  2763 | D:4      | Found an ancient bone altar of Kikubaaqudgha.
  2876 | D:4      | Killed an ogre
  2877 | D:4      | Reached XP level 6. HP: 57/57 MP: 8/8
  2942 | D:4      | Found a stormy altar of Qazlal.
  2942 | D:4      | Found a shimmering blue altar of Sif Muna.
  3309 | D:4      | Learned a level 6 spell: Statue Form
  3383 | D:4      | Reached skill level 2 in Crossbows
  3849 | D:5      | Entered Level 5 of the Dungeon
  3889 | D:5      | Noticed Grinder
  4076 | D:5      | Noticed an ice beast
  4088 | D:5      | Reached XP level 7. HP: 31/63 MP: 10/10
  5270 | D:5      | Noticed Ijyb
  5279 | D:5      | Paralysed by Ijyb for 7 turns
  5288 | D:5      | Paralysed by Ijyb for 6 turns
  5301 | D:5      | Killed Ijyb
  5393 | D:5      | Reached XP level 8. HP: 45/71 MP: 12/12
  5583 | D:5      | Reached skill level 3 in Crossbows
  6818 | D:6      | Found Olukab's Antique Armour Shoppe.
  6897 | D:6      | Bought a glowing helmet for 195 gold pieces
  6980 | D:6      | Found Letsestruro's General Store.
  7007 | D:6      | Bought 7 javelins for 56 gold pieces
  7007 | D:6      | Bought a potion of degeneration for 10 gold pieces
  7007 | D:6      | Bought a scroll of fog for 20 gold pieces
  7207 | D:7      | Found a bloodstained altar of Trog.
  7249 | D:7      | Reached XP level 9. HP: 69/76 MP: 14/14
  7615 | D:7      | Found a staircase to the Ecumenical Temple.
  7624 | D:7      | Reached skill level 4 in Crossbows
  7846 | D:7      | Learned a level 2 spell: Blink
  7852 | D:7      | Noticed a boulder beetle
  7866 | D:7      | Reached skill level 5 in Long Blades
  7866 | D:7      | Reached skill level 5 in Throwing
  7894 | D:7      | Killed a boulder beetle
  7895 | D:7      | Reached skill level 5 in Stealth
  7895 | D:7      | Reached skill level 5 in Invocations
  7926 | D:7      | Killed an orc warrior
  8554 | D:8      | Reached XP level 10. HP: 83/84 MP: 17/17
  8563 | D:8      | Found a sand-covered staircase.
  8572 | Ossuary  | Entered an ossuary
  8887 | D:8      | Found an opulent altar of Gozag.
  9006 | D:8      | Reached skill level 5 in Short Blades
  9006 | D:8      | Reached skill level 5 in Axes
  9006 | D:8      | Reached skill level 5 in Maces & Flails
  9006 | D:8      | Reached skill level 5 in Polearms
  9006 | D:8      | Reached skill level 5 in Staves
  9006 | D:8      | Reached skill level 5 in Slings
  9006 | D:8      | Reached skill level 5 in Bows
  9006 | D:8      | Reached skill level 5 in Crossbows
  9006 | D:8      | Reached skill level 5 in Dodging
  9006 | D:8      | Reached skill level 5 in Shields
  9006 | D:8      | Reached skill level 5 in Unarmed Combat
  9006 | D:8      | Reached skill level 5 in Spellcasting
  9006 | D:8      | Reached skill level 5 in Evocations
  9373 | D:8      | Found a shimmering altar of Xom.
  9592 | D:8      | Found the +7 Singing Sword {vorpal, sonic wave}
  9758 | D:8      | Reached skill level 10 in Fighting
 10310 | D:8      | Found the +7 lajatang of Order {silver, rMut}
 10728 | D:5      | Paralysed by Grinder for 6 turns
 10737 | D:5      | Killed Grinder
 11008 | D:9      | Found a burning altar of Makhleb.
 11187 | D:9      | Noticed Maggie
 11200 | D:9      | Killed Maggie
 12110 | D:10     | Entered Level 10 of the Dungeon
 12114 | D:10     | Noticed a gargoyle
 12117 | D:10     | Killed a gargoyle
 12120 | D:10     | Noticed a deep troll earth mage
 12195 | Temple   | Entered the Ecumenical Temple
 12722 | D:10     | Noticed a two-headed ogre
 12722 | D:10     | Found a snail-covered altar of Cheibriados.
 12729 | D:10     | Killed a two-headed ogre
 12730 | D:10     | Reached XP level 11. HP: 89/92 MP: 19/19
 12749 | D:10     | Reached skill level 6 in Crossbows
 12795 | D:10     | Killed a deep troll earth mage
 12796 | D:10     | Reached skill level 5 in Conjurations
 12796 | D:10     | Reached skill level 5 in Hexes
 12796 | D:10     | Reached skill level 5 in Summonings
 12796 | D:10     | Reached skill level 5 in Necromancy
 12796 | D:10     | Reached skill level 5 in Translocations
 12796 | D:10     | Reached skill level 5 in Transmutations
 12796 | D:10     | Reached skill level 5 in Fire Magic
 12796 | D:10     | Reached skill level 5 in Ice Magic
 12796 | D:10     | Reached skill level 5 in Air Magic
 12796 | D:10     | Reached skill level 5 in Earth Magic
 12796 | D:10     | Reached skill level 5 in Poison Magic
 12839 | D:10     | Noticed a fire giant
 12843 | D:11     | Noticed Erolcha
 12846 | D:11     | Killed Erolcha
 12970 | D:11     | Noticed a manticore
 12982 | D:11     | Killed a manticore
 13288 | D:11     | Noticed a two-headed ogre
 13298 | D:11     | Killed a two-headed ogre
 13343 | D:11     | Found a staircase to the Lair.
 13600 | D:11     | Reached XP level 12. HP: 99/99 MP: 22/22
 14103 | D:11     | Found a staircase to the Orcish Mines.
 14181 | D:11     | Noticed Fannar
 14194 | D:11     | Killed Fannar
 14195 | D:11     | Reached skill level 7 in Crossbows
 14561 | Orc:1    | Entered Level 1 of the Orcish Mines
 14561 | Orc:1    | Noticed Josephine
 14573 | Orc:1    | Killed Josephine
 14585 | Orc:1    | Noticed Erica
 14599 | Orc:1    | Killed Erica
 14973 | Lair:1   | Entered Level 1 of the Lair of Beasts
 16076 | Lair:2   | Found a hole to the Spider Nest.
 16086 | Lair:2   | Reached skill level 10 in Armour
 17528 | Lair:3   | Reached XP level 13. HP: 68/106 MP: 24/24
 18228 | Lair:3   | Found a staircase to the Shoals.
 18275 | Lair:3   | Reached skill level 8 in Crossbows
 19288 | D:10     | Became a worshipper of Cheibriados the Contemplative
 19455 | Lair:4   | Reached * piety under Cheibriados
 19542 | Lair:4   | Reached ** piety under Cheibriados
 19578 | Lair:4   | Found a dark tunnel.
 19586 | Volcano  | Entered a volcano
 20344 | Volcano  | Noticed a red draconian
 20362 | Volcano  | Killed a red draconian
 20628 | Volcano  | Found a bloodstained altar of Trog.
 20651 | Volcano  | Found a radiant altar of Vehumet.
 20741 | Lair:4   | Reached XP level 14. HP: 101/114 MP: 26/26
 21021 | Lair:4   | Reached *** piety under Cheibriados
 21174 | Lair:4   | Reached skill level 9 in Crossbows
 22738 | Lair:5   | Found a viscous altar of Jiyva.
 22738 | Lair:5   | Found a staircase to the Slime Pits.
 22751 | Lair:5   | Reached **** piety under Cheibriados
 22863 | Lair:5   | Reached skill level 10 in Invocations
 23344 | Lair:6   | Entered Level 6 of the Lair of Beasts
 23403 | Lair:6   | Identified the +0 cloak "Lisoz" {rN+ rCorr Int+7}
 23615 | Lair:6   | Reached ***** piety under Cheibriados
 24037 | Lair:6   | Reached skill level 10 in Long Blades
 24037 | Lair:6   | Reached skill level 10 in Throwing
 24256 | Lair:6   | Noticed Jikhug's ghost (journeyman TeCj)
 24393 | Lair:6   | Found a runed translucent gate.
 24394 | Lair:6   | Found a runed translucent gate.
 24395 | Lair:6   | Found a runed translucent gate.
 24613 | Lair:6   | Reached skill level 10 in Stealth
 24613 | Lair:6   | Reached XP level 15. HP: 115/122 MP: 28/28
 24659 | Lair:6   | Reached ****** piety under Cheibriados
 24691 | Lair:6   | Found a corrupted altar of Lugonu.
 24691 | Lair:6   | Found a one-way gate to the infinite horrors of the Abyss.
 24932 | Lair:6   | Killed Jikhug's ghost
 25092 | D:10     | Killed a fire giant
 25333 | D:10     | Found a runed translucent door.
 25874 | D:9      | Reached skill level 10 in Short Blades
 25874 | D:9      | Reached skill level 10 in Axes
 25874 | D:9      | Reached skill level 10 in Maces & Flails
 25874 | D:9      | Reached skill level 10 in Polearms
 25874 | D:9      | Reached skill level 10 in Staves
 25874 | D:9      | Reached skill level 10 in Slings
 25874 | D:9      | Reached skill level 10 in Bows
 25874 | D:9      | Reached skill level 10 in Crossbows
 25874 | D:9      | Reached skill level 10 in Dodging
 25874 | D:9      | Reached skill level 10 in Shields
 25874 | D:9      | Reached skill level 10 in Unarmed Combat
 25874 | D:9      | Reached skill level 10 in Spellcasting
 25874 | D:9      | Reached skill level 10 in Evocations
 26437 | D:12     | Noticed Kirke
 26451 | D:12     | Killed Kirke
 26834 | D:13     | Found a gate leading to a gauntlet.
 26842 | Gauntlet | Entered a Gauntlet
 26842 | Gauntlet | Found a transporter.
 26857 | Gauntlet | Found a transporter.
 26866 | Gauntlet | Found a transporter.
 26871 | Gauntlet | Found a transporter.
 26886 | Gauntlet | Found a transporter.
 26905 | Gauntlet | Found a transporter.
 26917 | Gauntlet | Found a transporter.
 26923 | Gauntlet | Found a transporter.
 26938 | Gauntlet | Found a transporter.
 26944 | Gauntlet | Found a transporter.
 26959 | Gauntlet | Found a transporter.
 26971 | Gauntlet | Found a transporter.
 26977 | Gauntlet | Found a transporter.
 26977 | Gauntlet | Found a transporter.
 27016 | Gauntlet | Found a transporter.
 27042 | Gauntlet | Found a transporter.
 27044 | Gauntlet | Found a transporter.
 27083 | Gauntlet | Found a transporter.
 27208 | Gauntlet | Identified the +1 pair of boots of Qitim {*Corrode rElec
                  | Str+9 Int+4}
 27252 | Gauntlet | Identified the +2 robe "Just" {rC++ Str+5 Archmagi}
 27269 | Gauntlet | Got the Handbook of Creative Transmigration
 28170 | D:14     | Reached XP level 16. HP: 130/130 MP: 30/30
 28535 | D:14     | Found a gate to the Vaults.
 28726 | D:15     | Entered Level 15 of the Dungeon
 28878 | D:15     | Found a staircase to the Depths.
 29837 | Orc:2    | Entered Level 2 of the Orcish Mines
 30701 | Orc:2    | Reached skill level 11 in Crossbows
 30765 | Orc:2    | Found Wamemp's Jewellery Boutique.
 30801 | Orc:2    | Found Epemob's Assorted Antiques.
 30811 | Orc:2    | Bought a scroll of teleportation for 78 gold pieces
 30811 | Orc:2    | Bought a scroll of teleportation for 78 gold pieces
 31013 | Orc:2    | Paralysed by an orc sorcerer for 5 turns
 31160 | Orc:2    | Found a staircase to the Elven Halls.
 31342 | Orc:2    | Found Luitraax's Jewellery Boutique.
 31617 | Orc:2    | Found Ikicvyd's Assorted Antiques.
 31634 | Orc:2    | Bought 2 potions of heal wounds for 360 gold pieces
 32085 | Spider:1 | Entered Level 1 of the Spider Nest
 32247 | Spider:1 | Reached XP level 17. HP: 83/137 MP: 28/32
 32878 | Spider:1 | Identified a scroll of acquirement
 32878 | Spider:1 | Acquired a +2 pair of gloves of archery
 33339 | Spider:2 | Noticed Arachne
 33353 | Spider:2 | Killed Arachne
 34974 | Spider:4 | Entered Level 4 of the Spider Nest
 35069 | Spider:4 | Reached skill level 10 in Conjurations
 35069 | Spider:4 | Reached skill level 10 in Hexes
 35069 | Spider:4 | Reached skill level 10 in Summonings
 35069 | Spider:4 | Reached skill level 10 in Necromancy
 35069 | Spider:4 | Reached skill level 10 in Translocations
 35069 | Spider:4 | Reached skill level 10 in Transmutations
 35069 | Spider:4 | Reached skill level 10 in Fire Magic
 35069 | Spider:4 | Reached skill level 10 in Ice Magic
 35069 | Spider:4 | Reached skill level 10 in Air Magic
 35069 | Spider:4 | Reached skill level 10 in Earth Magic
 35069 | Spider:4 | Reached skill level 10 in Poison Magic
 35359 | Spider:4 | Reached XP level 18. HP: 112/146 MP: 33/33
 35552 | Spider:4 | Got a gossamer rune of Zot
 35770 | Spider:4 | Identified the +1 ring mail "Beroxt" {rN++ Str-2 Dex+3}
 35776 | Spider:4 | Noticed Roxanne
 35791 | Spider:4 | Killed Roxanne
 36000 | Vaults:1 | Entered Level 1 of the Vaults
 36033 | Vaults:1 | Reached skill level 12 in Crossbows
 36998 | Vaults:1 | Identified the +8 spear of Doom {vamp, Fragile Int+5}
 37143 | Vaults:1 | Acquired the ring "Medalic" {rN+ Will+ SInv}
 37255 | Vaults:1 | Noticed a golden dragon
 37262 | Vaults:1 | Killed a golden dragon
 37271 | Vaults:1 | Reached XP level 19. HP: 150/153 MP: 35/35
 37464 | Vaults:1 | Paralysed by a great orb of eyes for 3 turns
 38030 | Vaults:2 | Reached skill level 15 in Fighting
 38030 | Vaults:2 | Reached skill level 13 in Crossbows
 39074 | Vaults:3 | Reached XP level 20. HP: 154/162 MP: 37/37
 39439 | Vaults:3 | Noticed Nikola
 39444 | Vaults:3 | Killed Nikola
 39761 | Vaults:3 | Found a staircase to the Crypt.
 39997 | Vaults:3 | Noticed Saint Roka
 40015 | Vaults:3 | Killed Saint Roka
 40113 | Vaults:3 | Found a runed translucent gate.
 40113 | Vaults:3 | Found a runed translucent gate.
 40114 | Vaults:3 | Noticed an ancient lich
 40114 | Vaults:3 | Noticed Joetwoph's ghost (veteran OgTm)
 40115 | Vaults:3 | Found an ancient bone altar of Kikubaaqudgha.
 40116 | Vaults:3 | Noticed Xafer's ghost (adept DsGl)
 40116 | Vaults:3 | Noticed Ukiefoc's ghost (adept DrFE)
 40117 | Vaults:3 | Found a runed translucent gate.
 40191 | Vaults:3 | Killed Xafer's ghost
 40193 | Vaults:3 | Killed an ancient lich
 40194 | Vaults:3 | Reached XP level 21. HP: 131/169 MP: 36/38
 40195 | Vaults:3 | Killed Ukiefoc's ghost
 40198 | Vaults:3 | Killed Joetwoph's ghost
 40203 | Vaults:3 | Got the Catalogue of Supportive Bewitchment
 40204 | Vaults:3 | Identified the amulet of Luivas {Faith Rampage rF- rCorr
                  | Str+4}
 40218 | Vaults:3 | Identified the +2 helmet of Bikulem {-Tele rElec rPois}
 40497 | Vaults:4 | Reached skill level 15 in Axes
 40504 | Vaults:4 | Reached skill level 15 in Armour
 40520 | Vaults:4 | Reached skill level 15 in Invocations
 40793 | Vaults:4 | Reached skill level 14 in Crossbows
 41762 | Shoals:1 | Entered Level 1 of the Shoals
 43147 | Shoals:2 | Noticed Polyphemus
 43170 | Shoals:2 | Killed Polyphemus
 43521 | Shoals:3 | Reached XP level 22. HP: 178/178 MP: 40/40
 44180 | Shoals:4 | Entered Level 4 of the Shoals
 44225 | Shoals:4 | Found a frozen archway.
 44234 | IceCv    | Entered an ice cave
 44544 | IceCv    | Found the ring of the Hare {EV+8}
 44618 | IceCv    | Identified the -6 pair of boots "Mirchy" {Fly Will+}
 44641 | IceCv    | Identified the +0 hat "Feempaih" {Str+6 Slay-2 SInv}
 44666 | IceCv    | Identified the +1 pair of boots of Dose {Harm rF+}
 44671 | IceCv    | Identified the ring of Wiew {EV+4 Dex+4}
 44678 | IceCv    | Identified the ring "Dacu" {rPois rF+ Str+4 Dex+2 Stlth+}
 45210 | Shoals:4 | Identified the +1 robe "Icwif" {rCorr}
 45704 | Shoals:4 | Got a barnacled rune of Zot
 45759 | Shoals:4 | Got the Volume of the Damaging Birds
 46085 | Depths:1 | Entered Level 1 of the Depths
 46263 | Depths:1 | Found a gateway to Hell.
 46614 | Depths:1 | Reached skill level 15 in Long Blades
 46614 | Depths:1 | Reached skill level 15 in Throwing
 46764 | Depths:1 | Reached skill level 15 in Stealth
 46960 | Depths:1 | Found a one-way gate leading to the halls of Pandemonium.
 47216 | Depths:2 | Reached XP level 23. HP: 109/186 MP: 38/41
 47568 | Depths:2 | Reached skill level 15 in Short Blades
 47568 | Depths:2 | Reached skill level 15 in Maces & Flails
 47568 | Depths:2 | Reached skill level 15 in Polearms
 47568 | Depths:2 | Reached skill level 15 in Staves
 47568 | Depths:2 | Reached skill level 15 in Slings
 47568 | Depths:2 | Reached skill level 15 in Bows
 47568 | Depths:2 | Reached skill level 15 in Crossbows
 47568 | Depths:2 | Reached skill level 15 in Dodging
 47568 | Depths:2 | Reached skill level 15 in Shields
 47568 | Depths:2 | Reached skill level 15 in Unarmed Combat
 47568 | Depths:2 | Reached skill level 15 in Spellcasting
 47568 | Depths:2 | Reached skill level 15 in Evocations
 47581 | Depths:2 | Noticed a golden dragon
 47644 | Depths:2 | Killed a golden dragon
 48580 | Depths:3 | Found a shimmering blue altar of Sif Muna.
 48689 | Depths:3 | Got the Grimoire of Cankerous Moulding
 48755 | Depths:3 | Noticed a golden dragon
 48760 | Depths:3 | Killed a golden dragon
 49197 | Depths:3 | Identified the +5 rapier of Doom {flame, rElec rF- Will+
                  | Dex+6}
 49253 | Depths:4 | You fall into a shaft and drop 1 floor!
 49253 | Depths:5 | Entered Level 5 of the Depths
 49556 | Depths:5 | Reached XP level 24. HP: 195/195 MP: 40/42
 49973 | Depths:5 | Found a gate to the Realm of Zot.
 50798 | Depths:4 | Found a portal to a secret trove of treasure.
 50905 | Depths:4 | You paid a toll of 3 potions of resistance to enter a
                  | treasure trove
 50906 | Trove    | Entered a treasure trove
 50972 | Trove    | Identified the ring of the Sparrow {Ice rElec rPois Int-3}
 50977 | Trove    | Identified the ring of Sakhlysee {Wiz Drain Will+ rCorr
                  | Str+7}
 50978 | Trove    | Identified the ring "Pofunwe" {rPois AC+4}
 50983 | Trove    | Identified the ring "Noptuyg" {rPois rF+ AC+4 Str+3 Dex+2}
 50984 | Trove    | Identified the ring of Relativism {rC+ rN+ AC+4 Str+3 SInv}
 50985 | Trove    | Identified the ring of Zuoreuta {rPois rCorr Str+6 Int+6}
 50988 | Trove    | Identified the amulet of Desertification {Harm Regen+
                  | Str+3}
 51031 | Depths:4 | Reached skill level 15 in Necromancy
 51163 | Depths:4 | Found a gateway to a ziggurat.
 51787 | Depths:4 | Found the +0 pair of fencer's gloves {Riposte Dex+3}
 51797 | Depths:4 | Found the amulet of the Four Winds {rN+ Will+++ Clar}
 51810 | Depths:4 | Learned a level 1 spell: Apportation
 51810 | Depths:4 | Identified the amulet "Vyohuu" {Faith -Cast Fly rPois
                  | Str+5}
 51830 | Depths:4 | Identified the amulet of Lytz {RegenMP rF+ Int+3 Slay-4}
 51854 | Depths:4 | Got the Almanac of Frigorific Ignition
 52184 | Elf:1    | Entered Level 1 of the Elven Halls
 52193 | Elf:1    | Found Teplegh's Weapon Shoppe.
 52214 | Elf:1    | Paralysed by an air elemental for 1 turns
 52226 | Elf:1    | Found a crumbling gateway.
 52237 | Desolati | Entered the Desolation of Salt
 52329 | Desolati | Identified the +0 helmet of the Villain {rPois Str+4 Dex+4}
 52331 | Desolati | Got the Almanac of Damaging Shape Shifting
 52343 | Desolati | Learned a level 8 spell: Necromutation
 52352 | Desolati | Learned a level 8 spell: Infestation
 52352 | Desolati | Identified the amulet of Uror {RegenMP rF+ Dex+3}
 52355 | Desolati | Identified the +7 hunting sling of Zuckugge {venom, Will-
                  | Dex+4}
 52431 | Desolati | Identified the ring "Wathrudwo" {*Slow rF+ rC+ Will+}
 52444 | Desolati | Got Ewkan's Collected Works on Creation
 52519 | Desolati | Reached skill level 16 in Crossbows
 52671 | Desolati | Reached XP level 25. HP: 202/202 MP: 43/43
 52902 | Elf:1    | Found Atio's Assorted Antiques.
 52904 | Elf:1    | Found Ehimaep's Antique Armour Emporium.
 52906 | Elf:1    | Found Kinulafu's Assorted Antiques.
 52914 | Elf:1    | Bought a scroll of blinking for 195 gold pieces
 52914 | Elf:1    | Bought a potion of mutation for 208 gold pieces
 53791 | Elf:2    | Found a runed translucent gate.
 53792 | Elf:2    | Found a runed translucent gate.
 53792 | Elf:2    | Found a runed translucent gate.
 54569 | Elf:3    | Entered Level 3 of the Elven Halls
 54569 | Elf:3    | Noticed Mara
 54573 | Elf:3    | Paralysed by an air elemental for 1 turns
 54576 | Elf:3    | Killed Mara
 54711 | Elf:2    | Got Qompug's Reference Book on Supportive Conjuration
 55042 | Elf:3    | Identified the +5 mace of Bread {vorpal, *Slow Will++
                  | Dex+4}
 55053 | Elf:3    | Reached XP level 26. HP: 156/211 MP: 22/43
 55235 | Elf:3    | Identified the ring of the Genius {Int+4 Slay+4}
 55243 | Elf:3    | Got Cigum's Volume of Darkness and the Entourage
 55271 | Elf:3    | Found the +2 robe of Vines {NoPotionHeal Regen+++}
 55274 | Elf:3    | Found the ring of the Octopus King
 55289 | Elf:3    | Identified the +3 longbow of Temperance {vorpal, Dex+2}
 55293 | Elf:3    | Identified the +0 chain mail "Veh Itas" {Stlth+}
 55308 | Elf:3    | Identified a ring of the Octopus King {rC+ AC+1 EV+1 Str+1
                  | Int+1 Dex+1}
 55312 | Elf:3    | Got Sif Muna's Papyrus of Mutagenic Snow
 55405 | Elf:3    | Learned a level 4 spell: Passage of Golubria
 55579 | Elf:3    | Found Geptaux's Antique Weapon Shoppe.
 56341 | Vaults:5 | Entered Level 5 of the Vaults
 56403 | Vaults:5 | Reached skill level 17 in Crossbows
 56415 | Vaults:5 | Noticed Mennas
 56456 | Vaults:4 | Killed Mennas
 56638 | Vaults:5 | Reached XP level 27. HP: 219/219 MP: 40/44
 56660 | Vaults:5 | Noticed a dread lich
 56667 | Vaults:5 | Killed a dread lich
 56743 | Vaults:5 | Reached skill level 18 in Crossbows
 56790 | Vaults:5 | Reached skill level 15 in Conjurations
 56790 | Vaults:5 | Reached skill level 15 in Hexes
 56790 | Vaults:5 | Reached skill level 15 in Summonings
 56790 | Vaults:5 | Reached skill level 15 in Translocations
 56790 | Vaults:5 | Reached skill level 15 in Transmutations
 56790 | Vaults:5 | Reached skill level 15 in Fire Magic
 56790 | Vaults:5 | Reached skill level 15 in Ice Magic
 56790 | Vaults:5 | Reached skill level 15 in Air Magic
 56790 | Vaults:5 | Reached skill level 15 in Earth Magic
 56790 | Vaults:5 | Reached skill level 15 in Poison Magic
 57197 | Vaults:5 | Found Quuck's Distillery.
 57204 | Vaults:5 | Bought a potion of curing for 69 gold pieces
 57204 | Vaults:5 | Bought a potion of attraction for 69 gold pieces
 57204 | Vaults:5 | Bought a potion of attraction for 69 gold pieces
 57204 | Vaults:5 | Bought a potion of resistance for 230 gold pieces
 57204 | Vaults:5 | Bought a potion of magic for 184 gold pieces
 57204 | Vaults:5 | Bought a potion of resistance for 230 gold pieces
 57204 | Vaults:5 | Bought a potion of might for 92 gold pieces
 57268 | Vaults:5 | Found Laamorghe's Magic Scroll Shoppe.
 57268 | Vaults:5 | Found Kygydghedan's Magic Scroll Boutique.
 57273 | Vaults:5 | Bought a scroll of magic mapping for 49 gold pieces
 57273 | Vaults:5 | Bought a scroll of blinking for 105 gold pieces
 57273 | Vaults:5 | Bought a scroll of blinking for 105 gold pieces
 57273 | Vaults:5 | Bought 3 scrolls of blinking for 315 gold pieces
 57280 | Vaults:5 | Bought a scroll of teleportation for 48 gold pieces
 57280 | Vaults:5 | Bought a scroll of magic mapping for 56 gold pieces
 57280 | Vaults:5 | Bought a scroll of magic mapping for 56 gold pieces
 57357 | Vaults:5 | Found Zuss's Distillery.
 57362 | Vaults:5 | Bought 2 potions of curing for 132 gold pieces
 57362 | Vaults:5 | Bought a potion of curing for 66 gold pieces
 57362 | Vaults:5 | Bought a potion of resistance for 220 gold pieces
 57362 | Vaults:5 | Bought a potion of curing for 66 gold pieces
 57362 | Vaults:5 | Bought 2 potions of curing for 132 gold pieces
 57362 | Vaults:5 | Bought 2 potions of curing for 132 gold pieces
 57362 | Vaults:5 | Bought a potion of invisibility for 176 gold pieces
 57433 | Vaults:5 | Found Qonwul's Jewellery Shoppe.
 57467 | Vaults:5 | Found Zebu's Jewellery Boutique.
 57485 | Vaults:5 | Got a silver rune of Zot
 58163 | Slime:1  | Entered Level 1 of the Pits of Slime
 58311 | Slime:5  | Entered Level 5 of the Pits of Slime
 58381 | Slime:5  | Noticed the Royal Jelly
 58392 | Slime:5  | Found a viscous altar of Jiyva.
 58427 | Slime:5  | Found the +8 orange crystal plate armour {Archmagi, Int+3
                  | Clar}
 58477 | Slime:5  | Gained mutation: Your magical capacity is low. (-10% MP) [a
                  | shining eye]
 58493 | Slime:5  | Killed the Royal Jelly
 58504 | Slime:5  | Gained mutation: You tend to lose your temper in combat. [a
                  | shining eye]
 58508 | Slime:5  | Gained mutation: You often lose your temper in combat. [a
                  | shining eye]
 58512 | Slime:5  | Lost mutation: You often lose your temper in combat.
                  | [potion of mutation]
 58512 | Slime:5  | Lost mutation: Your magical capacity is low. (-10% MP)
                  | [potion of mutation]
 58512 | Slime:5  | Gained mutation: You often lose your temper in combat.
                  | [potion of mutation]
 58512 | Slime:5  | Lost mutation: You often lose your temper in combat.
                  | [potion of mutation]
 58512 | Slime:5  | Gained mutation: You are partially covered in iridescent
                  | scales. (AC +2) [potion of mutation]
 58513 | Slime:5  | Lost mutation: You are partially covered in iridescent
                  | scales. (AC +2) [potion of mutation]
 58513 | Slime:5  | Lost mutation: You tend to lose your temper in combat.
                  | [potion of mutation]
 58513 | Slime:5  | Gained mutation: You have hidden genetic defects. [potion
                  | of mutation]
 58513 | Slime:5  | Gained mutation: You are partially covered in iridescent
                  | scales. (AC +2) [potion of mutation]
 58514 | Slime:5  | Lost mutation: You are partially covered in iridescent
                  | scales. (AC +2) [potion of mutation]
 58514 | Slime:5  | Lost mutation: You have hidden genetic defects. [potion of
                  | mutation]
 58514 | Slime:5  | Gained mutation: You have a pair of small antennae on your
                  | head. [potion of mutation]
 58514 | Slime:5  | Gained mutation: You are somewhat resistant to further
                  | mutation. [potion of mutation]
 58565 | Slime:5  | Identified the +3 buckler of Afea {rPois Dex+4}
 58615 | Slime:5  | Lost mutation: You are somewhat resistant to further
                  | mutation. [potion of mutation]
 58615 | Slime:5  | Lost mutation: You have a pair of small antennae on your
                  | head. [potion of mutation]
 58615 | Slime:5  | Gained mutation: You are partially covered in iridescent
                  | scales. (AC +2) [potion of mutation]
 58615 | Slime:5  | Gained mutation: Your flesh is cold resistant. (rC+)
                  | [potion of mutation]
 58615 | Slime:5  | Gained mutation: You are dopey. (Int -2) [potion of
                  | mutation]
 58630 | Slime:5  | Identified the ring of Nofopif {rElec AC+4 Str+2 Int+2}
 58644 | Slime:5  | Got the Papyrus of Black Magic
 58657 | Slime:5  | Got a slimy rune of Zot
 58658 | Slime:5  | Identified the +7 trident "Fubboef" {spect, rF- rC++ Int+4}
 58989 | Hell     | Entered the Vestibule of Hell
 58989 | Hell     | Noticed Geryon
 58994 | Hell     | Noticed Murray
 59090 | Hell     | Killed Geryon
 59095 | Hell     | Killed Murray
 59142 | Hell     | Reached skill level 19 in Crossbows
 59248 | Hell     | Found a gateway to the decaying netherworld of Tartarus.
 59356 | Hell     | Found a gateway to the Iron City of Dis.
 59401 | Hell     | Found a gateway to the ashen valley of Gehenna.
 59481 | Hell     | Found a gateway to the freezing wastes of Cocytus.
 59716 | Crypt:1  | Entered Level 1 of the Crypt
 61167 | Crypt:2  | Learned a level 9 spell: Polar Vortex
 61189 | Crypt:3  | Entered Level 3 of the Crypt
 62054 | Crypt:3  | Reached skill level 20 in Crossbows
 62078 | Crypt:3  | Found a staircase to the Tomb.
 62195 | Crypt:3  | Found a basalt altar of Yredelemnul.
 62198 | Crypt:3  | Found an ancient bone altar of Kikubaaqudgha.
 62500 | Tomb:1   | Entered Level 1 of the Tomb of the Ancients
 62882 | Tomb:1   | Noticed a royal mummy
 62903 | Tomb:1   | Killed a royal mummy
 63302 | Tomb:2   | Noticed a royal mummy
 63310 | Tomb:2   | Noticed a royal mummy
 63318 | Tomb:2   | Killed a royal mummy
 63322 | Tomb:2   | Noticed Boris
 63324 | Tomb:2   | Noticed a royal mummy
 63331 | Tomb:2   | Killed a royal mummy
 63332 | Tomb:2   | Noticed a royal mummy
 63333 | Tomb:2   | Killed Boris
 63333 | Tomb:2   | Killed a royal mummy
 63344 | Tomb:2   | Killed a royal mummy
 63686 | Tomb:1   | Noticed a royal mummy
 63695 | Tomb:1   | Noticed a royal mummy
 63697 | Tomb:1   | Killed a royal mummy
 63699 | Tomb:1   | Noticed a royal mummy
 63706 | Tomb:1   | Killed a royal mummy
 63712 | Tomb:1   | Killed a royal mummy
 63734 | Tomb:1   | Noticed a royal mummy
 63744 | Tomb:1   | Killed a royal mummy
 63777 | Tomb:1   | Noticed a royal mummy
 63783 | Tomb:1   | Killed a royal mummy
 63838 | Tomb:1   | Noticed a royal mummy
 63859 | Tomb:1   | Killed a royal mummy
 63887 | Tomb:1   | Noticed a royal mummy
 63889 | Tomb:1   | Noticed a royal mummy
 63902 | Tomb:1   | Killed a royal mummy
 63910 | Tomb:1   | Killed a royal mummy
 63925 | Tomb:1   | Noticed a royal mummy
 63942 | Tomb:1   | Killed a royal mummy
 63952 | Tomb:1   | Noticed Khufu
 63952 | Tomb:1   | Noticed a royal mummy
 63952 | Tomb:1   | Noticed a royal mummy
 63952 | Tomb:1   | Noticed a royal mummy
 63952 | Tomb:1   | Noticed a royal mummy
 63959 | Tomb:1   | Killed Khufu
 63962 | Tomb:1   | Killed a royal mummy
 63964 | Tomb:1   | Noticed a royal mummy
 63966 | Tomb:1   | Killed a royal mummy
 63966 | Tomb:1   | Noticed a royal mummy
 63967 | Tomb:1   | Reached skill level 21 in Crossbows
 63968 | Tomb:1   | Killed a royal mummy
 63969 | Tomb:1   | Killed a royal mummy
 63973 | Tomb:1   | Noticed a royal mummy
 63975 | Tomb:1   | Killed a royal mummy
 63977 | Tomb:1   | Killed a royal mummy
 63982 | Tomb:1   | Killed a royal mummy
 64248 | Tomb:3   | Entered Level 3 of the Tomb of the Ancients
 64248 | Tomb:3   | Noticed Boris
 64260 | Tomb:3   | Noticed a royal mummy
 64260 | Tomb:3   | Noticed a royal mummy
 64262 | Tomb:3   | Noticed a royal mummy
 64267 | Tomb:3   | Noticed a royal mummy
 64280 | Tomb:3   | Killed a royal mummy
 64285 | Tomb:3   | Killed a royal mummy
 64291 | Tomb:3   | Killed a royal mummy
 64292 | Tomb:3   | Noticed a royal mummy
 64306 | Tomb:3   | Killed Boris
 64312 | Tomb:3   | Killed a royal mummy
 64316 | Tomb:3   | Killed a royal mummy
 64316 | Tomb:3   | Noticed a royal mummy
 64329 | Tomb:3   | Killed a royal mummy
 64330 | Tomb:3   | Noticed a royal mummy
 64330 | Tomb:3   | Noticed a royal mummy
 64330 | Tomb:3   | Noticed a royal mummy
 64343 | Tomb:3   | Killed a royal mummy
 64364 | Tomb:3   | Killed a royal mummy
 64406 | Tomb:3   | Killed a royal mummy
 64696 | Tomb:3   | Identified the +7 spear of Bis Via {venom, Fly Str+4 Dex+4}
 64801 | Tomb:3   | Got a golden rune of Zot
 64830 | Tomb:3   | Learned a level 8 spell: Maxwell's Capacitive Coupling
 65549 | Zot:1    | Entered Level 1 of the Realm of Zot
 65627 | Zot:1    | Reached skill level 22 in Crossbows
 65917 | Zot:1    | Noticed an orb of fire
 65941 | Zot:1    | Killed an orb of fire
 66571 | Zot:1    | Found a runed translucent gate.
 66574 | Zot:1    | Found a runed translucent gate.
 66574 | Zot:1    | Noticed Extudin's ghost (master OgTm)
 66575 | Zot:1    | Found a runed translucent gate.
 66742 | Zot:1    | Killed Extudin's ghost
 67952 | Zot:3    | Reached skill level 23 in Crossbows
 68083 | Zot:3    | Identified the +5 trident "Xuoppeuc" {drain, rCorr Str+7
                  | Int-2 Dex+3}
 68733 | Zot:4    | Noticed an orb of fire
 68750 | Zot:4    | Killed an orb of fire
 68925 | Zot:4    | Found a sparkling altar of Nemelex Xobeh.
 69451 | Zot:5    | Entered Level 5 of the Realm of Zot
 70015 | Zot:5    | Noticed an ancient lich
 70016 | Zot:5    | Noticed an orb of fire
 70019 | Zot:5    | Noticed an orb of fire
 70022 | Zot:5    | Killed an ancient lich
 70022 | Zot:5    | Noticed an orb of fire
 70023 | Zot:5    | Reached skill level 24 in Crossbows
 70024 | Zot:5    | Killed an orb of fire
 70024 | Zot:5    | Noticed an orb of fire
 70025 | Zot:5    | Killed an orb of fire
 70027 | Zot:5    | Killed an orb of fire
 70028 | Zot:5    | Noticed an orb of fire
 70029 | Zot:5    | Killed an orb of fire
 70031 | Zot:5    | Noticed an orb of fire
 70036 | Zot:5    | Killed an orb of fire
 70039 | Zot:5    | Killed an orb of fire
 70042 | Zot:5    | Noticed an orb of fire
 70048 | Zot:5    | Noticed an orb of fire
 70052 | Zot:5    | Killed an orb of fire
 70144 | Zot:5    | Noticed a dread lich
 70155 | Zot:5    | Killed a dread lich
 70183 | Zot:5    | Killed an orb of fire
 70444 | Zot:5    | Acquired a +0 tower shield of cold resistance
 70782 | Dis:1    | Entered Level 1 of the Iron City of Dis
 71038 | Zig:1    | Entered Level 1 of a ziggurat
 71060 | Zig:2    | Entered Level 2 of a ziggurat
 71061 | Zig:2    | Paralysed by an air elemental for 1 turns
 71078 | Zig:3    | Entered Level 3 of a ziggurat
 71078 | Zig:3    | Noticed a royal mummy
 71087 | Zig:3    | Killed a royal mummy
 71100 | Zig:3    | Identified the +1 war axe of Classification {vorpal, rPois
                  | Str+2 Int-5 Stlth+}
 71102 | Zig:4    | Entered Level 4 of a ziggurat
 71163 | Zig:4    | Learned a level 9 spell: Shatter
 71165 | Zig:5    | Entered Level 5 of a ziggurat
 71175 | Zig:5    | Reached skill level 25 in Crossbows
 71217 | Zig:6    | Entered Level 6 of a ziggurat
 71257 | Zig:6    | Learned a level 8 spell: Ignition
 71267 | Zig:7    | Entered Level 7 of a ziggurat
 71309 | Zig:7    | Identified the ring of Zogak {rC+ Will+ Str+2 Int+5}
 71325 | Zig:8    | Entered Level 8 of a ziggurat
 71398 | Zig:9    | Entered Level 9 of a ziggurat
 71407 | Zig:9    | Found the +5 robe of Night {Dark Will+ SInv}
 71409 | Zig:9    | Found the +4 robe of Folly {Brilliance Will-∞ Int+8}
 71453 | Zig:9    | Identified the +8 shortbow "Xoquonol" {flame, rElec rN+
                  | MP+9 Int+4}
 71503 | Zig:10   | Entered Level 10 of a ziggurat
 71534 | Zig:10   | Acquired 1025 gold pieces
 71536 | Zig:10   | Acquired 701 gold pieces
 71542 | Zig:10   | Identified the +1 scale mail "Uhyutw Reffi" {+Blink SInv}
 71556 | Zig:11   | Entered Level 11 of a ziggurat
 71622 | Zig:12   | Entered Level 12 of a ziggurat
 71699 | Zig:12   | Identified the +9 shortbow of Forced Transition {flame, rF-
                  | Will+ Dex+3}
 71706 | Zig:12   | Identified the +0 chain mail "Tuhegh" {Drain Will+ Dex+4}
 71744 | Zig:13   | Entered Level 13 of a ziggurat
 71760 | Zig:13   | Noticed an orb of fire
 71761 | Zig:13   | Noticed an orb of fire
 71761 | Zig:13   | Noticed an orb of fire
 71761 | Zig:13   | Noticed an orb of fire
 71762 | Zig:13   | Noticed an orb of fire
 71768 | Zig:14   | Entered Level 14 of a ziggurat
 71900 | Zig:14   | Identified the +6 great sword "Grim Tooth" {vamp, +Blink
                  | rElec rPois rC-}
 71901 | Zig:14   | Identified the +5 chain mail of Tonelim {-Cast rF++ Dex-2
                  | SInv}
 71912 | Zig:15   | Entered Level 15 of a ziggurat
 71964 | Zig:15   | Found the +8 storm bow {elec, penet}
 71969 | Zig:15   | Identified the amulet of the Raven {Regen+ Int+6}
 71985 | Zig:15   | Got the Grimoire of the Mountains
 71992 | Zig:16   | Entered Level 16 of a ziggurat
 72011 | Zig:16   | Reached skill level 26 in Crossbows
 72037 | Zig:16   | Identified the ring of Intercession {rElec rPois rN+ rCorr}
 72042 | Zig:16   | Identified the +1 chain mail of the Realm of Zot {rElec}
 72053 | Zig:16   | Identified the +1 scale mail of Defiance {rC- Int+7}
 72054 | Zig:16   | Identified the +2 helmet "Selibbeq" {rElec rPois Dex+2}
 72067 | Zig:17   | Entered Level 17 of a ziggurat
 72106 | Zig:17   | Noticed a royal mummy
 72106 | Zig:17   | Noticed a royal mummy
 72117 | Zig:17   | Noticed a royal mummy
 72118 | Zig:17   | Killed a royal mummy
 72119 | Zig:17   | Noticed a royal mummy
 72122 | Zig:17   | Killed a royal mummy
 72122 | Zig:17   | Noticed a royal mummy
 72129 | Zig:17   | Killed a royal mummy
 72133 | Zig:17   | Killed a royal mummy
 72134 | Zig:17   | Killed a royal mummy
 72137 | Zig:17   | Noticed a royal mummy
 72142 | Zig:17   | Noticed a royal mummy
 72153 | Zig:17   | Noticed a royal mummy
 72154 | Zig:17   | Killed a royal mummy
 72156 | Zig:17   | Killed a royal mummy
 72168 | Zig:17   | Killed a royal mummy
 72245 | Zig:17   | Identified the +1 chain mail of Fallacy {Dex+5}
 72255 | Zig:17   | Identified the +1 leather armour of Dorig {Regen+}
 72260 | Zig:17   | Identified the +6 great mace "Ewij" {freeze, +Rage Fly SInv
                  | Stlth+}
 72264 | Zig:17   | Got the Almanac of Curses
 72264 | Zig:17   | Got Igekoega's Catalogue of Dislocated Changing
 72264 | Zig:17   | Got Taezuisam's Spellweaving in Simple Steps
 72271 | Zig:18   | Entered Level 18 of a ziggurat
 72293 | Zig:18   | Noticed an ancient lich
 72294 | Zig:18   | Noticed an ancient lich
 72294 | Zig:18   | Noticed a dread lich
 72294 | Zig:18   | Noticed an ancient lich
 72295 | Zig:18   | Noticed a dread lich
 72295 | Zig:18   | Noticed a dread lich
 72300 | Zig:18   | Killed a dread lich
 72300 | Zig:18   | Killed an ancient lich
 72300 | Zig:18   | Killed a dread lich
 72300 | Zig:18   | Killed an ancient lich
 72300 | Zig:18   | Killed an ancient lich
 72303 | Zig:18   | Killed a dread lich
 72336 | Zig:18   | Identified the +11 quarterstaff "Tyfypuown" {elec, Int+5
                  | Stlth+}
 72337 | Zig:18   | Identified the +8 lajatang of Ash {pain, rN+ Dex+3}
 72411 | Zig:19   | Entered Level 19 of a ziggurat
 72479 | Zig:19   | Identified the +6 mace of an ice cave {holy, Str+6 Dex+2}
 72484 | Zig:19   | Identified the +9 spear "Ucwula" {antimagic, Fragile rF+++
                  | Int+3}
 72492 | Zig:19   | Identified the +0 leather armour of Mezcal {Fly}
 72497 | Zig:19   | Got the Grimoire of Nocuous Conjuration
 72497 | Zig:19   | Got Sif Muna's Incunabulum of Poisoning and Conjuration
 72526 | Zig:20   | Entered Level 20 of a ziggurat
 72537 | Zig:20   | Noticed a juggernaut
 72543 | Zig:20   | Noticed a juggernaut
 72543 | Zig:20   | Noticed a juggernaut
 72544 | Zig:20   | Noticed a juggernaut
 72544 | Zig:20   | Noticed a juggernaut
 72546 | Zig:20   | Killed a juggernaut
 72547 | Zig:20   | Reached skill level 27 in Crossbows
 72548 | Zig:20   | Killed a juggernaut
 72548 | Zig:20   | Killed a juggernaut
 72549 | Zig:20   | Killed a juggernaut
 72550 | Zig:20   | Killed a juggernaut
 72585 | Zig:20   | Identified the ring of the Golden fig {rC+ Str+6}
 72588 | Zig:20   | Identified the ring "Tefu" {EV+4 Int+2 Dex+4}
 72592 | Zig:20   | Identified the ring "Yxecuate" {Fly MP+9 Str-4 Dex+8}
 72594 | Zig:20   | Identified the amulet "Epyphaon" {Reflect Will++ Regen+
                  | Dex-2 Slay-5 SH+5}
 72596 | Zig:20   | Identified the ring of Qieck {Will+ rCorr Int-5 Dex+4}
 72632 | Zig:21   | Entered Level 21 of a ziggurat
 72659 | Zig:21   | Noticed Toydivie the pandemonium lord
 72661 | Zig:21   | Killed from afar by an infernal black sun

Illustrated notes

Levels and vault maps discovered:
D:1:      evilmike_arrival_plus, layout_rooms
D:2:      layout_rooms, nrook_loot_triangle, kennysheep_cross_room
D:3:      layout_basic, basic_ecumenical_altar,
          hangedman_abyss_or_decor_lesser_grid
D:4:      layout_loops_ring, overflow_temple_1_default,
          mainiacjoe_overflow_divided_tiny
D:5:      layout_basic, uniq_ijyb, uniq_grinder
D:6:      layout_rooms, serial_shops, nicolae_shop_trees, shop
D:7:      nzn_winding_woodlands_small [nzn_winding_woodlands_5x15_garden,
          nzn_winding_woodlands_center_pierced_h,
          nzn_winding_woodlands_5x15_default], layout_loops_ring,
          kennysheep_mini_moat, minmay_temple_entry_drinking_statues
D:8:      old_forge, layout_loops_corners, mainiacjoe_overflow_alcove_2,
          nicolae_gozag_cash_rules_everything_around_me, enter_ossuary_1,
          minmay_misc_feat_hallway
D:9:      layout_cave_pods, nicolae_overflow_crystal_walls, evilmike_minifort,
          uniq_maggie
D:10:     layout_gridville, cheibriados_altar_1, minmay_misc_feat_five,
          minivault_13
D:11:     layout_basic, minmay_lair_entry_grove, erik_orc_1, uniq_fannar,
          uniq_erolcha
D:12:     cheibrodos_wizards_tower, layout_basic, disabler_island, uniq_kirke
D:13:     layout_long_grid, gauntlet_entry_generic
D:14:     layout_cave_pools, hangedman_vaults_entry_quadrant_bands, minivault_25
D:15:     grunt_enter_depths_snipers, layout_basic, minmay_misc_feat_ornament,
          drop_trap, minmay_quadrilaterals
Temple:   dpeg_chambers_temple
Lair:1:   layout_gridlike, chequers_serial_rivers_micro_b, serial_bayou_shore_a
Lair:2:   layout_cave_pods, nicolae_spider_entry_non_spiders, st_stairs_4,
          grunt_megastairs_4
Lair:3:   layout_layer_cave, elwin_shoals_entry_stream, grunt_megastairs_3
Lair:4:   pond_and_an_island_with_a_cottage, layout_long_grid,
          nicolae_volcano_entry_vermiform, serial_bayou_pond_c
Lair:5:   layout_small_grid, slime_altar_1, infiniplex_staircase_pool_2,
          lemuel_fruit_tree
Lair:6:   hellmonk_lair_end_abyssal_woods, layout_regular_city,
          maelrawn_ghost_gauntlet_escape, lemuel_fruit_fields
Shoals:1: layout_shoals, ldierk_geyser
Shoals:2: cheibrodos_shoals_roost, layout_shoals, uniq_polyphemus
Shoals:3: layout_shoals
Shoals:4: shoals_end_simple, layout_shoals, portal_ice_cave_entry_pillars_three
Spider:1: layout_spider_delve, nicolae_spider_bzzzt
Spider:2: layout_spider_delve, uniq_arachne
Spider:3: layout_chambers, spiders_nest_the_unseen
Spider:4: grunt_spider_rune_parallel, uniq_roxanne
Slime:1:  layout_caves
Slime:2:  layout_caves
Slime:3:  layout_caves, nicolae_slime_barrier
Slime:4:  layout_caves
Slime:5
Orc:1:    layout_caves, uniq_erica, uniq_josephine
Orc:2:    pubby_orc_utopia
Elf:1:    nicolae_elf_arrival_no_cutting_in_line, layout_loops_cross,
          serial_shops, shop, portal_desolation_entry_garden, minmay_shop_star
Elf:2:    nicolae_elf_blades_crystal_corner, layout_loops_corners,
          serial_sigils_hangedman_shear, minmay_elf_sorcery
Elf:3:    elf_hall, layout_onion_city, serial_shops, shop, uniq_mara
Vaults:1: st_greater_box_4, v_misc_8, grunt_vaults_twisty, v_pattern_5,
          ontoclasm_vaults_hangar, v_misc_2, ontoclasm_vaults_chip,
          ontoclasm_vaults_decontamination, nicolae_vaults_border_crossing,
          layout_vaults_omnigrid
Vaults:2: nicolae_vaults_disjoint_gnomons,
          nicolae_vaults_windows_and_doors_thing, ontoclasm_vaults_ring_small,
          nicolae_vaults_diagonal_hallway_8, v_misc_3, v_misc_23,
          v_alt_pattern_1, hangedman_vaults_slice, v_misc_11, layout_vaults_ring
Vaults:3: gammafunk_vaults_ghost_crypt, st_hourglassy, vaults_room_boxed,
          minmay_crypt_entry_simple_plaza, hangedman_vaults_slice, v_misc_24,
          v_pattern_3, vaults_mumra_hex, vaults_room_stairs_pillars,
          nicolae_vaults_back_hallway, grunt_vaults_bifocal,
          hangedman_vaults_nails, layout_vaults_maze_bifur, uniq_nikola,
          uniq_saint_roka
Vaults:4: vaults_mumra_hexcomb, v_misc_4, ontoclasm_vaults_claustrophobia,
          nicolae_vaults_triangles, nicolae_vaults_twisting_passages,
          vaults_standard_mumra_lines, hangedman_vaults_nails,
          ontoclasm_vaults_ligature, vaults_room_hallway, layout_vaults_omnibox
Vaults:5: uniq_mennas
Crypt:1:  layout_misc_corridors
Crypt:2:  layout_regular_city, moated_statue, roderic_lattice_octagonal_star
Crypt:3:  lightli_unholy_cathedral, layout_chaotic_city,
          tomb_entry_sphere_bobbens, lemuel_nasty_fountain
Tomb:1:   uniq_khufu
Tomb:2:   uniq_boris
Tomb:3
Depths:1: layout_honeycomb, pan_entry, hellmouth_3, serial_rivers,
          chequers_serial_rivers_small_3, chequers_serial_rivers_micro_a,
          chequers_serial_rivers_micro_e, chequers_serial_rivers_micro_d,
          chequers_serial_rivers_room_a, minmay_misc_feat_doors,
          grunt_ministairs_2, minmay_evil_grid
Depths:2: minmay_the_grid_octo_triangle [minmay_the_grid_octo_fan_narrow,
          minmay_the_grid_octo_prize_square_snowflake,
          minmay_the_grid_octo_fat_diamond], layout_cross, lightli_too_deep,
          serial_glass, glass_columns_a, glass_columns_a, grunt_decor_junction
Depths:3: minmay_chopped_fan, layout_gridville, hell_entry,
          rand_demon_pan_entry_9, hangedman_abyss_entry_splay,
          nicolae_sif_muna_condensation
Depths:4: gold_lair_mu, layout_cave_pools, enter_ziggurat_e,
          nicolae_trove_entry_isolated, hangedman_geh_valley, pan_entry,
          serial_sigils_hangedman_scratch, abyss_entry,
          infiniplex_staircase_squiggle, serial_bayou_shore_b, uniq_margery
Depths:5: grunt_zot_entry_bicorn, layout_basic, chequers_serial_rivers_large_a,
          hell_entry, st_stairs_13, minmay_misc_feat_enclosed
Hell
Dis:1:    layout_subdivisions
Zot:1:    layout_gridlike, gammafunk_ghost_necromancy, grunt_ministairs_9
Zot:2:    layout_basic
Zot:3:    layout_gridlike
Zot:4:    lemuel_halls_of_wrath, layout_misc_corridors, basic_altar
Zot:5:    layout_twisted_circle
Zig:21

Skill      XL: |  1  2  3  4  5  6  7  8  9 10 11 12 13 14 15 16 17 18 19 20 21 22 23 24 25 26 27 |
---------------+----------------------------------------------------------------------------------+-----
Invocations    | 1 2 3 4 5 6 7 8 9 10 11 12 13 14 15 16 17 18 24 | 24.7
Short Blades   | 1 2 3 4 5 6 7 8 9 10 11 12 13 14 15 16 17 23 | 23.1
Axes           | 1 2 3 4 5 6 7 8 9 10 11 12 13 14 15 16 17 18 19 20 26 | 26.4
Maces & Flails | 1 2 3 4 5 6 7 8 9 10 11 12 13 14 15 16 17 23 | 23.1
Polearms       | 1 2 3 4 5 6 7 8 9 10 11 12 13 14 15 16 17 23 | 23.1
Staves         | 1 2 3 4 5 6 7 8 9 10 11 12 13 14 15 16 17 23 | 23.1
Slings         | 1 2 3 4 5 6 7 8 9 10 11 12 13 14 15 16 17 25 | 25.9
Bows           | 1 2 3 4 5 6 7 8 9 10 11 12 13 14 15 16 17 23 | 23.1
Crossbows      | 1 2 3 4 5 6 7 8 9 10 11 12 13 14 15 16 17 27 | 27.0
Dodging        | 1 2 3 4 5 6 7 8 9 10 11 12 13 14 15 16 17 23 | 23.1
Shields        | 1 2 3 4 5 6 7 8 9 10 11 12 13 14 15 16 17 23 | 23.1
Unarmed Combat | 1 2 3 4 5 6 7 8 9 10 11 12 13 14 15 16 17 23 | 23.2
Spellcasting   | 1 2 3 4 5 6 7 8 9 10 11 12 13 14 15 16 17 23 | 23.1
Evocations     | 1 2 3 4 5 6 7 8 9 10 11 12 13 14 15 16 17 23 | 23.1
Conjurations   | 1 2 3 4 5 6 7 8 9 10 11 12 13 14 20 | 20.1
Hexes          | 1 2 3 4 5 6 7 8 9 10 11 12 13 14 20 | 20.4
Summonings     | 1 2 3 4 5 6 7 8 9 10 11 12 13 14 20 | 20.1
Necromancy     | 1 2 3 4 5 6 7 8 9 10 11 12 13 14 15 16 17 23 | 23.7
Translocations | 1 2 3 4 5 6 7 8 9 10 11 12 13 14 20 | 20.1
Transmutations | 1 2 3 4 5 6 7 8 9 10 11 12 13 14 20 | 20.1
Fire Magic     | 1 2 3 4 5 6 7 8 9 10 11 12 13 14 20 | 20.1
Ice Magic      | 1 2 3 4 5 6 7 8 9 10 11 12 13 14 20 | 20.1
Air Magic      | 1 2 3 4 5 6 7 8 9 10 11 12 13 14 20 | 20.1
Earth Magic    | 1 2 3 4 5 6 7 8 9 10 11 12 13 14 20 | 20.1
Poison Magic   | 1 2 3 4 5 6 7 8 9 10 11 12 13 14 20 | 20.1
Long Blades    | 3 4 5 6 7 8 9 10 11 12 13 14 15 16 17 23 | 23.1
Throwing       | 3 4 5 6 7 8 9 10 11 12 13 14 15 16 17 23 | 23.1
Stealth        | 3 4 5 6 7 8 9 10 11 12 13 14 15 16 17 23 | 23.1
Armour         | 7 8 9 10 11 12 13 14 15 16 17 18 23 | 23.6
Fighting       | 9 10 11 12 13 14 15 16 17 18 23 | 23.9

Action                   |  1- 3 |  4- 6 |  7- 9 | 10-12 | 13-15 | 16-18 | 19-21 | 22-24 | 25-27 || total
-------------------------+-------+-------+-------+-------+-------+-------+-------+-------+-------++-------
Melee: Falchion          |    96 |   168 |   142 |   224 |       |       |       |       |       ||   630
       Bite              |     8 |    23 |    45 |    66 |   126 |   133 |   151 |   217 |   643 ||  1412
       Short sword       |       |       |   115 |       |       |       |       |       |       ||   115
       Punch             |       |       |     5 |       |       |       |       |       |       ||     5
       Unarmed           |       |       |     3 |       |       |       |       |       |       ||     3
       Double sword      |       |       |       |   221 |   551 |   622 |   629 |  1023 |  2773 ||  5819
       Scimitar          |       |       |       |       |    32 |       |       |       |       ||    32
Throw: Boomerang         |       |    13 |    56 |     5 |       |       |       |       |       ||    74
       Dart              |       |    13 |    24 |    44 |    40 |     4 |       |       |       ||   125
       Javelin           |       |       |       |       |       |       |       |     6 |   106 ||   112
 Cast: Blink             |       |       |       |       |     8 |       |       |     1 |     1 ||    10
       Statue Form       |       |       |       |       |    19 |    33 |    22 |    41 |    28 ||   143
       Apportation       |       |       |       |       |       |       |       |    35 |   312 ||   347
       Infestation       |       |       |       |       |       |       |       |       |     1 ||     1
       Necromutation     |       |       |       |       |       |       |       |       |    77 ||    77
       Ignition          |       |       |       |       |       |       |       |       |    20 ||    20
       Polar Vortex      |       |       |       |       |       |       |       |       |     9 ||     9
       Maxwell's Capacit |       |       |       |       |       |       |       |       |     8 ||     8
       Passage of Golubr |       |       |       |       |       |       |       |       |     2 ||     2
Invok: Slouch            |       |       |       |       |     1 |     2 |     2 |     2 |    13 ||    20
       Step From Time    |       |       |       |       |       |     1 |       |       |     3 ||     4
       Temporal Distorti |       |       |       |       |       |       |     2 |       |       ||     2
 Abil: End Transformatio |       |       |       |       |     1 |     1 |     1 |       |    14 ||    17
Evoke: Wand              |       |       |     9 |    17 |    20 |       |       |     3 |     1 ||    50
       Tin of tremorston |       |       |       |       |       |       |     4 |     1 |    16 ||    21
       Condenser vane    |       |       |       |       |       |       |       |     1 |     7 ||     8
  Use: Scroll            |     2 |     8 |     3 |     7 |    10 |     4 |     1 |     6 |    19 ||    60
       Potion            |     1 |     1 |       |     2 |     5 |     1 |     2 |     2 |    13 ||    27
 Stab: Sleeping          |     2 |     1 |     3 |    10 |    18 |    20 |    19 |    12 |    29 ||   114
       Paralysed         |       |       |       |     2 |       |       |       |       |       ||     2
       Distracted        |       |       |       |     1 |     3 |     4 |     1 |     6 |    22 ||    37
       Held in net/web   |       |       |       |     1 |       |       |     2 |     4 |       ||     7
       Petrifying        |       |       |       |       |     2 |       |       |       |       ||     2
       Petrified         |       |       |       |       |     2 |       |       |       |       ||     2
       Invisible         |       |       |       |       |     1 |       |       |       |       ||     1
       Confused          |       |       |       |       |       |       |       |     1 |       ||     1
Armor: Robe              |     5 |       |       |       |       |     2 |       |       |   402 ||   409
       Ring mail         |    28 |    68 |    83 |    77 |       |       |       |       |       ||   256
       Steam dragon scal |       |       |       |    58 |    22 |       |       |       |       ||    80
       Skin              |       |       |       |     2 |   100 |   166 |   163 |   201 |   221 ||   853
       Leather armour    |       |       |       |       |    78 |       |       |       |       ||    78
       Troll leather arm |       |       |       |       |    13 |   142 |   104 |    96 |    21 ||   376
Dodge: Dodged            |    64 |    83 |   171 |   248 |   604 |   736 |   674 |  1025 |  2767 ||  6372
Block: Buckler           |       |       |    36 |   207 |   406 |   532 |   456 |       |       ||  1637
       Kite shield       |       |       |       |       |       |       |    30 |  1277 |  2805 ||  4112
       Reflection        |       |       |       |       |       |       |     1 |    43 |       ||    44
       Rpst.: Falchion   |    22 |    23 |    26 |    40 |       |       |       |       |       ||   111
       Double sword      |       |       |       |    33 |   124 |   156 |   119 |   170 |   452 ||  1054
       Scimitar          |       |       |       |       |     5 |       |       |       |       ||     5

Table legend: (Time is in decaauts)
 A = Elapsed time spent in this place.
 B = Non-inter-level travel time spent in this place.
 C = Inter-level travel time spent in this place.
 D = Time resting spent in this place.
 E = Time spent auto-exploring this place.
 F = Levels seen in this place.
 G = Mean time per level.
                   A        B        C        D        E       F      G
               +--------+--------+--------+--------+--------+-----+--------+
         Total | 109873 |  99024 |  10849 |   1542 |  71857 |  90 | 1220.8 |
       Dungeon |  23818 |  20272 |   3546 |    327 |  16038 |  15 | 1587.9 |
        Temple |    226 |    203 |     23 |      0 |    191 |   1 |  226.0 |
          Lair |  11433 |  10362 |   1071 |      0 |   8629 |   6 | 1905.5 |
        Shoals |   6601 |   6187 |    414 |      0 |   4532 |   4 | 1650.2 |
   Spider Nest |   6970 |   6692 |    278 |      0 |   5439 |   4 | 1742.5 |
    Slime Pits |    883 |    741 |    142 |     25 |     14 |   5 |  176.6 |
  Orcish Mines |   4714 |   4256 |    458 |      0 |   3314 |   2 | 2357.0 |
   Elven Halls |   6212 |   5628 |    584 |      0 |   4072 |   3 | 2070.7 |
        Vaults |  13306 |  11789 |   1517 |    106 |   8963 |   5 | 2661.2 |
         Crypt |   5245 |   4381 |    864 |      0 |   3295 |   3 | 1748.3 |
          Tomb |   3964 |   3436 |    528 |      0 |   2188 |   3 | 1321.3 |
        Depths |  10497 |   9681 |    816 |     78 |   7322 |   5 | 2099.4 |
          Hell |    833 |    714 |    119 |      0 |    443 |   1 |  833.0 |
           Dis |    247 |    227 |     20 |      0 |     24 |   1 |  247.0 |
           Zot |   8499 |   8035 |    464 |      0 |   6222 |   5 | 1699.8 |
      Ziggurat |   2105 |   2105 |      0 |    187 |      2 |  21 |  100.2 |
         Trove |    154 |    154 |      0 |      0 |     66 |   1 |  154.0 |
       Ossuary |    309 |    309 |      0 |      2 |    113 |   1 |  309.0 |
      Ice Cave |    825 |    825 |      0 |      0 |    409 |   1 |  825.0 |
       Volcano |   1253 |   1253 |      0 |    817 |    102 |   1 | 1253.0 |
    Desolation |    934 |    934 |      0 |      0 |     25 |   1 |  934.0 |
      Gauntlet |    837 |    837 |      0 |      0 |    449 |   1 |  837.0 |
               +--------+--------+--------+--------+--------+-----+--------+

Top non-repeatable levels by time:
   Orc:2: 3422 daAuts
Vaults:1: 3276 daAuts
Vaults:3: 3192 daAuts
     D:5: 2735 daAuts
Depths:5: 2688 daAuts
Spider:3: 2513 daAuts
  Lair:6: 2498 daAuts
Vaults:5: 2496 daAuts
 Crypt:3: 2486 daAuts
   Elf:2: 2369 daAuts
  Lair:4: 2358 daAuts
    D:11: 2316 daAuts
  Tomb:1: 2294 daAuts
Vaults:2: 2202 daAuts
Depths:1: 2198 daAuts
